 Dungeon Crawl Stone Soup version bcrawl-1.41 (webtiles) character file.

Game seed: 6005044551341940296

12024241 quik the Conqueror (level 27, 103/249 HPs)
             Began as a Human Air Elementalist on Mar 30, 2024.
             Was the Champion of Sif Muna.
             Escaped with the Orb
             ... and 4 runes on Apr 6, 2024!
             The game lasted 11:24:02 (94338 turns).

quik the Conqueror (Human Air Elementalist)        Turns: 94338, Time: 11:24:03

Health: 103/249    AC: 23    Str: 20    XL:     27
Magic:  36/41      EV: 30    Int: 33    God:    Sif Muna [******]
Gold:   4028       SH:  0    Dex: 19    Spells: 2/54 levels left

rFire    + + .     GDR:     42% a - +8 longbow "Zephyr" {speed, Dex+3 SInv}
rCold    + . .     SeeInvis +   (shield currently unavailable)
rNeg     . . .     Gourm    .   X - +6 acid dragon scales
rPois    +         Faith    .   r - +2 helmet
rElec    +         Spirit   .   V - scarf {rC+ rF+} {rC+, rF+}
rCorr    +         Reflect  .   v - +0 pair of gloves
MR       ++++.     Rnd*Rage +   C - +0 pair of boots of Pagejo {Str+4 Int+4 Slay+5}
Stlth    +.........             G - amulet "Woimait" {Inacc rPois rF+ Str+4}
HPRegen  0.51/turn              w - ring "Wal Keu" {rElec rF- MR++ Int+8 Slay+5}
MPRegen  0.27/turn              F - ring of protection from fire

@: swift, hasted, studying 2 skills, deflect missiles, very quick
A: berserk 1, blurry vision 1, weak 1
0: Orb of Zot
}: 4/15 runes: serpentine, slimy, silver, gossamer
a: Divine Energy, Channel Magic, Forget Spell, Moment of Magic, Renounce
Religion


You escaped.
You worshipped Sif Muna.
Sif Muna was exalted by your worship.
You were not hungry.

You visited 12 branches of the dungeon, and saw 49 of its levels.
You visited the Abyss 1 time.

You collected 8851 gold pieces.
You spent 4823 gold pieces at shops.


Innate Abilities, Weirdness & Mutations

You tend to lose your temper in combat.
Scrolls take you a little longer to read.
You are weak. (Str -2)


   Skills:
 O Level 27 Fighting
 - Level 12.0 Maces & Flails
 - Level 20.0 Bows
 - Level 17.0 Armour
 + Level 21.8 Dodging
 - Level 6.0 Stealth
 - Level 14.0 Spellcasting
   Level 8.0 Conjurations
 - Level 9.0 Charms
 - Level 17.0 Summonings
 - Level 4.0 Necromancy
 - Level 17.0 Translocations
   Level 7.0 Ice Magic
 - Level 10.0 Air Magic
   Level 5.0 Poison Magic
 - Level 7.0 Invocations
 - Level 10.0 Evocations


You had 2 spell levels left.
You knew the following spells:

 Your Spells              Type           Power        Failure   Level  Hunger
a - Passwall              Tmut/Erth      ###.....     3%          2    None
b - Deflect Missiles      Chrm/Air       ######....   7%          6    ###....
d - Summon Mana Viper     Hex/Summ       ######..     1%          5    None
e - Song of Slaying       Chrm           ######..     1%          2    None
f - Dispersal             Tloc           #######...   1%          6    ###....
g - Apportation           Tloc           ######       0%          1    None
i - Swiftness             Chrm/Air       ######..     1%          2    None
l - Summon Lightning Spi  Summ/Air       #######.     1%          5    None
m - Malign Gateway        Summ/Tloc      #######...   1%          7    #####..
p - Portal Projectile     Tloc           ######       0%          3    None
u - Summon Butterflies    Summ           #######.     0%          1    None
v - Regeneration          Chrm/Necr      ######....   1%          3    None
B - Blink                 Tloc           N/A          0%          2    None
K - Sticks to Snakes      Tmut           ###.....     3%          2    None
S - Silence               Hex/Air        ######....   8%          5    None

Your spell library contained the following spells:

 Spells                   Type           Power        Failure   Level  Hunger
 Blink Other              Tloc           ######       0%          1    None
 Summon Small Mammal      Summ           ####         0%          1    None
 Call Imp                 Summ           ######       0%          2    None
 Flame Tongue             Conj/Fire      #####        1%          1    None
 Freeze                   Ice            ######       1%          1    None
 Infusion                 Chrm           ######..     1%          1    None
 Magic Dart               Conj           ####         1%          1    None
 Necrotize                Necr           #####.       1%          1    None
 Static Discharge         Air            ######       1%          1    None
 Sting                    Conj/Pois      ####         1%          1    None
 Ensorcelled Hibernation  Hex/Ice        #####.       1%          2    None
 Flaming Arrows           Chrm/Fire      ######..     1%          2    None
 Poisonous Vapours        Pois/Air       ######       1%          2    None
 Searing Ray              Conj           ######..     1%          2    None
 Shock                    Conj/Air       ######.      1%          2    None
 Throw Frost              Conj/Ice       ######       1%          2    None
 Beastly Appendage        Tmut           ###...       2%          1    None
 Corona                   Hex            ###....      2%          1    None
 Sandblast                Erth           ###...       2%          1    None
 Slow                     Hex            ###.....     2%          1    None
 Shackle                  Hex            ###.....     3%          2    None
 Beckoning                Tloc           #######...   0%          3    None
 Call Canine Familiar     Summ           #######.     0%          3    None
 Recall                   Summ/Tloc      N/A          0%          3    None
 Teleport Other           Tloc           #######.     0%          3    None
 Conjure Flame            Conj/Fire      #####...     1%          3    None
 Dazzling Orbs            Conj/Hex       #####..      1%          3    None
 False Image              Hex/Summ       ######..     1%          3    None
 Iskenderun's Mystic Bla  Conj           ######..     1%          3    None
 Mephitic Cloud           Conj/Pois/Air  ######..     1%          3    None
 Ozocubu's Armour         Chrm/Ice       ######..     1%          3    None
 Spectral Weapon          Hex/Chrm       ######..     1%          3    None
 Stone Arrow              Conj/Erth      #####.       1%          3    None
 Vampiric Draining        Necr           #####.....   1%          3    None
 Airstrike                Air            ######....   1%          4    None
 Force Lance              Tloc           #######.     1%          4    None
 Lightning Bolt           Conj/Air       ######..     1%          4    None
 Summon Ice Beast         Ice/Summ       #######.     1%          4    None
 Summon Scorpions         Summ/Pois      #######.     1%          4    None
 Throw Icicle             Conj/Ice       ######..     1%          4    None
 Freezing Cloud           Ice/Air        ######..     1%          5    None
 Iskenderun's Battlesphe  Conj/Chrm      ######..     1%          5    None
 Summon Demon             Summ           #######...   1%          5    None
 Summon Forest            Summ/Tloc      #######...   1%          5    None
 Aura of Abjuration       Summ           #######...   1%          6    ###....
 Summon Hydra             Summ           #######...   1%          6    ###....
 Controlled Blink         Tloc           #######.     1%          7    #####..
 Monstrous Menagerie      Summ           #######...   1%          7    #####..
 Shadow Creatures         Summ           N/A          1%          7    #####..
 Spider Form              Tmut/Pois      ###          2%          3    None
 Olgreb's Toxic Radiance  Pois           ######...    2%          4    None
 Agony                    Necr           #####...     4%          4    None
 Animate Dead             Necr           N/A          4%          4    None
 Fulminant Prism          Conj/Hex       #####.....   4%          4    None
 Sticky Flame             Conj/Fire      #####...     4%          4    None
 Venom Bolt               Conj/Pois      ######....   4%          5    None
 Ice Form                 Ice/Tmut       #####...     5%          4    None
 Bolt of Draining         Conj/Necr      ######....   5%          5    None
 Confuse                  Hex            ###.....     7%          3    None
 Inner Flame              Hex/Fire       N/A          7%          3    None
 Tukima's Dance           Hex            ###.....     7%          3    None
 Conjure Ball Lightning   Conj/Air       ######....   9%          6    ###....
 Steam Barrier            Chrm/Fire      ######....   10%         5    None
 Spellforged Servitor     Conj/Summ      #######...   11%         7    #####..
 Dispel Undead            Necr           #####...     12%         5    None
 Fireball                 Conj/Fire      #####.....   12%         5    None
 Irradiate                Conj/Tmut      #####.....   12%         5    None
 Metabolic Englaciation   Hex/Ice        #####.....   14%         5    None
 Summon Horrible Things   Summ           #######...   14%         8    ######.
 Bolt of Cold             Conj/Ice       ######....   16%         6    ###....
 Cause Fear               Hex            ###.......   22%         4    None
 Petrify                  Tmut/Erth      ###.......   22%         4    None
 Tree Form                Hex/Tmut       N/A          22%         4    None
 Yara's Violent Unravell  Hex/Tmut       ###.......   22%         4    None
 Bolt of Magma            Conj/Fire/Erth #####.....   22%         5    None
 Death Channel            Chrm/Necr      ######....   24%         6    ###....
 Poison Arrow             Conj/Pois      ######....   24%         6    ###....
 Haunt                    Necr/Summ      #######...   26%         7    #####..
 Summon Fire Elementals   Fire/Summ      ######...    50%         7    #####..
 Tornado                  Tloc/Air       #######...   50%         8    ######.
 Blade Hands              Tmut           ###.......   52%         5    None
 Lee's Rapid Deconstruct  Erth           ###.......   52%         5    None
 Bolt of Fire             Conj/Fire      #####.....   54%         6    ###....
 Iron Shot                Conj/Erth      #####.....   54%         6    ###....
 Orb of Destruction       Conj           ######....   56%         7    #####..
 Time Stop                Chrm/Tloc      N/A          56%         8    ######.
 Icicle Burst             Conj/Ice       ######....   65%         7    #####..
 Infestation              Hex/Tmut/Pois  ####.....    87%         6    ###....
 Blight                   Necr/Pois      ######...    96%         7    #####..
 Darkness                 Hex            ###.......   98%         6    ###....
 Invisibility             Hex            ###.....     98%         6    ###....
 Statue Form              Tmut/Erth      ###......    98%         6    ###....
 Mana Rupture             Conj/Hex       #####.....   98%         7    #####..
 Chain Lightning          Conj/Air       ######....   98%         8    ######.
 Dragon Form              Tmut           ###....      100%        7    #####..
 Scorpion Form            Tmut/Pois      #####.....   100%        7    #####..
 Ignition                 Hex/Fire       ###.......   100%        8    ######.
 Lehudib's Crystal Spear  Conj/Erth      #####.....   100%        8    ######.
 Necromutation            Tmut/Necr      #####...     100%        8    ######.
 Fire Storm               Fire           ###.......   100%        9    #######
 Shatter                  Erth           ###.......   100%        9    #######
 Passage of Golubria      Tloc           Unusable     N/A         5    N/A

Inventory:

Hand Weapons
 a - the +8 longbow "Zephyr" (weapon) {speed, Dex+3 SInv}
   (You acquired it on level 8 of the Dungeon)

   Attacks with this weapon are significantly faster.
   It affects your dexterity (+3).
   It lets you see invisible.
 b - a +9 demon whip of freezing
Missiles
 K - 5693 arrows (quivered)
 R - 3 throwing nets {=f!f}
Armour
 o - a +2 hat
 r - a +2 helmet (worn)
 v - a +0 pair of gloves (worn)
 C - the +0 pair of boots of Pagejo (worn) {Str+4 Int+4 Slay+5}
   (You acquired it on level 5 of the Depths)

   It affects your strength (+4).
   It affects your intelligence (+4).
   It affects your accuracy and damage with ranged weapons and melee attacks
   (+5).
 V - a scarf of resistance (worn) {rC+, rF+}
 X - +6 acid dragon scales (worn)
Jewellery
 m - an uncursed ring of protection from magic
 w - the ring "Wal Keu" (left hand) {rElec rF- MR++ Int+8 Slay+5}
   (You took it off a naga on level 1 of the Snake Pit)

   [ring of slaying]

   It affects your intelligence (+8).
   It affects your accuracy and damage with ranged weapons and melee attacks
   (+5).
   It makes you vulnerable to fire.
   It insulates you from electricity.
   It affects your resistance to hostile enchantments.
 F - a ring of protection from fire (right hand)
 G - the amulet "Woimait" (around neck) {Inacc rPois rF+ Str+4}
   (You found it on level 3 of the Vaults)

   [amulet of inaccuracy]

   It reduces the accuracy of all your attacks.
   It affects your strength (+4).
   It protects you from fire.
   It protects you from poison.
 I - an uncursed ring of protection from cold
 N - the ring "Firox" {rPois rN+}
   (You took it off a vault sentinel on level 3 of the Vaults)

   [ring of positive energy]

   It protects you from poison.
   It protects you from negative energy.
Wands
 j - a wand of paralysis (26)
 A - a wand of clouds (2)
 D - a wand of digging (11)
 H - a wand of charming (8)
 L - a wand of iceblast (40)
 M - a wand of acid (19)
Scrolls
 g - 8 scrolls of fear {!r}
 s - 8 scrolls of immolation {!r}
 t - 23 scrolls of teleportation
 z - 7 scrolls of fog
 B - 6 scrolls of blinking {!r}
 O - 3 scrolls of summoning {!r}
 Y - 9 scrolls of vulnerability {!r!r}
Potions
 c - 5 potions of flight {!q}
 d - 5 potions of might {!q}
 f - 6 potions of magic {!q}
 l - 8 potions of heal wounds {!q@q1}
 n - a potion of resistance {!q}
 p - 11 potions of brilliance {!q}
 q - 14 potions of curing {@q2}
 u - 5 potions of mutation {!q!q}
 E - a potion of ambrosia {!q}
 J - 5 potions of cancellation {!q}
 T - 4 potions of invisibility {!q}
 U - 2 potions of agility {!q}
 W - 7 potions of lignification {!q!q}
Miscellaneous
 i - a lightning rod (4/4)
 k - a lamp of fire
 y - 6 boxes of beasts
 P - a fan of gales (2/2)
 Q - a phial of floods
 S - 6 phantom mirrors
 Z - a sack of spiders
Comestibles
 e - 25 rations {!d}

Dungeon Overview and Level Annotations

Branches:
Dungeon (12/12)            Temple (1/1) D:6            Lair (6/6) D:9
  Snake (3/3) Lair:4       Spider (3/3) Lair:4        Slime (5/5) Orc
    Orc (1/1) D:10         Vaults (3/3) D:11         Forest (3/3) Lair:6
  Crypt (2/2) Vaults:2       Tomb (0/3) Crypt:2      Depths (5/5) D:12
    Zot (5/5) Depths:5

Altars:
Ashenzari
Cheibriados
Dithmenos
Elyvilon
Fedhas
Gozag
Hepliaklqana
Kikubaaqudgha
Lugonu
Makhleb
Nemelex Xobeh
Okawaru
Qazlal
Ru
Sif Muna
Trog
Uskayaw
Vehumet
Wu Jian
Xom
Yredelemnul
Zin
The Shining One
Jiyva

Shops:
D:5 *   D:7 ?   D:11 ?%   D:12 %   Orc !*:((   Snake:2 :%   Vaults:1 (}
Depths:1 (:(   Depths:2 =   Depths:3 (

Portals:
Hell: Depths:1 Depths:2 Depths:3 Depths:4 Depths:5
Abyss: Depths:4
Pandemonium: Depths:2 Depths:3 Depths:5
Ziggurat: Depths:1
Trove: Depths:4 (give 16 potions of curing)

#### ##.## ####..## ...# ###.#
#####.#.## ##.#
##...########......#.## ##.#
#...........2....#g##.## ##.#
#..##.######.##....###.### .#.#
#..##.#....#4##.##.# ##8#. ...#
##..##.#.##.#.##....## ##&#
...####...##.#.#..#.##.g...###.##
......'...##.#.#@&#.##....g.2&...
...####...##.#.####.##.4.########
#.## ##..##.#........4### # ###
##....#######...# # ##...# ##.##
# ########'## #.# # #.........#
#.# # #.######..# #.# #
####.######..# #.# #


You could see Boam.


Message History

You now have 34/41 mp.
A red devil is nearby!
Boam comes into view.
Boam shouts, "Turn tail, thou ducking elf-skinned strumpet!"
Firing (i - inventory. (/) - cycle)
K - 5693 arrows (quivered)
Aim: Boam
Okay, then.
Firing (i - inventory. (/) - cycle)
K - 5693 arrows (quivered)
Aim: Boam
Okay, then.
Boam calls on the powers of darkness!
Your body is wracked with pain!
You take 123 damage, and have 126/249 hp.
MASSIVE DAMAGE!!
No path to travel!
Okay, then.
Firing (i - inventory. (/) - cycle)
K - 5693 arrows (quivered)
Aim: Boam
Okay, then.
Unknown command.
Boam hits you!!
* * * LOW HITPOINT WARNING * * *
You take 24 damage, and have 102/249 hp.
No path to travel!
No path to travel!
There is a staircase leading out of the dungeon here.
Boam gestures at you. You resist with almost no effort.
The power of the Orb breaks the dimensional shunt like a soap bubble!
You have escaped!

Skill      XL: |  1  2  3  4  5  6  7  8  9 10 11 12 13 14 15 16 17 18 19 20 21 22 23 24 25 26 27 |
---------------+----------------------------------------------------------------------------------+-----
Fighting       | 1 2 3 4 6 10 11 13 14 15 16 17 18 21 27 | 27.0
Air Magic      | 4 5 7 8 10 | 10.0
Spellcasting   | 3 4 7 9 10 11 12 13 14 | 14.0
Conjurations   | 3 4 5 7 8 |  8.0
Poison Magic   | 1 2 5 |  5.0
Invocations    | 7 |  7.0
Charms         | 2 4 5 7 8 9 |  9.0
Bows           | 7 10 11 13 14 15 17 18 20 | 20.0
Ice Magic      | 4 5 7 |  7.0
Stealth        | 3 6 |  6.0
Dodging        | 4 5 8 10 12 15 21 | 21.8
Evocations     | 5 7 10 | 10.0
Armour         | 5 6 7 10 17 | 17.0
Summonings     | 4 8 10 11 13 17 | 17.0
Necromancy     | 4 |  4.0
Translocations | 7 11 13 17 | 17.0
Maces & Flails | 3 12 | 12.0

Action                   |  1- 3 |  4- 6 |  7- 9 | 10-12 | 13-15 | 16-18 | 19-21 | 22-24 | 25-27 || total
-------------------------+-------+-------+-------+-------+-------+-------+-------+-------+-------++-------
Melee: Unarmed           |     5 |       |       |       |       |       |       |       |       ||     5
       Dagger            |    33 |    16 |    50 |    46 |    86 |    23 |    52 |    59 |       ||   365
       Spear             |       |       |     1 |     4 |       |       |       |       |       ||     5
       Longbow           |       |       |       |       |     1 |       |       |       |       ||     1
       Demon whip        |       |       |       |       |       |       |       |       |   150 ||   150
 Fire: Hunting sling     |     4 |   153 |   245 |   234 |   193 |       |       |       |       ||   829
       Longbow           |       |       |       |   209 |   633 |  1350 |  1390 |  1390 |  3403 ||  8375
Throw: Stone             |    38 |       |     2 |       |     6 |       |       |       |       ||    46
       Throwing net      |       |       |       |       |       |       |       |       |     2 ||     2
 Cast: Static Discharge  |    22 |    52 |    87 |   149 |   218 |       |       |       |       ||   528
       Shock             |    26 |     7 |    28 |    65 |    63 |       |       |       |       ||   189
       Mephitic Cloud    |       |     1 |    37 |   101 |   105 |    59 |    13 |       |       ||   316
       Lightning Bolt    |       |       |     4 |     4 |       |       |       |       |       ||     8
       Swiftness         |       |       |     2 |     1 |       |       |       |       |     2 ||     5
       Dazzling Orbs     |       |       |       |     9 |       |       |       |       |       ||     9
       Ozocubu's Armour  |       |       |       |    16 |    42 |    30 |    26 |    14 |     7 ||   135
       Regeneration      |       |       |       |       |    30 |    28 |    38 |    51 |    72 ||   219
       Throw Icicle      |       |       |       |       |     6 |       |       |       |       ||     6
       Sticks to Snakes  |       |       |       |       |     1 |       |       |     2 |     1 ||     4
       Summon Ice Beast  |       |       |       |       |    69 |   111 |    20 |       |       ||   200
       Song of Slaying   |       |       |       |       |     9 |    26 |    33 |    38 |   122 ||   228
       Deflect Missiles  |       |       |       |       |     2 |       |       |       |     2 ||     4
       Apportation       |       |       |       |       |     1 |     5 |     5 |       |    25 ||    36
       Poisonous Vapours |       |       |       |       |     1 |     1 |       |       |       ||     2
       Summon Butterflie |       |       |       |       |     1 |       |     4 |    14 |    24 ||    43
       Conjure Flame     |       |       |       |       |       |    14 |     3 |       |       ||    17
       Summon Lightning  |       |       |       |       |       |       |    60 |    97 |    99 ||   256
       Portal Projectile |       |       |       |       |       |       |    22 |    14 |    45 ||    81
       Flaming Arrows    |       |       |       |       |       |       |     8 |     4 |     6 ||    18
       Sticky Flame      |       |       |       |       |       |       |     2 |       |       ||     2
       Blink             |       |       |       |       |       |       |     1 |     3 |    16 ||    20
       Dispersal         |       |       |       |       |       |       |       |    12 |    29 ||    41
       Malign Gateway    |       |       |       |       |       |       |       |       |    43 ||    43
       Summon Mana Viper |       |       |       |       |       |       |       |       |    35 ||    35
       Silence           |       |       |       |       |       |       |       |       |     3 ||     3
Invok: Divine Energy     |       |       |       |     1 |     1 |     2 |       |       |       ||     4
       Forget Spell      |       |       |       |     1 |     4 |       |     2 |     1 |     2 ||    10
       Channel Magic     |       |       |       |       |       |       |     8 |     4 |    25 ||    37
 Abil: Stop Flying       |       |       |       |       |       |       |       |     1 |     1 ||     2
       Evoke Flight      |       |       |       |       |       |       |       |       |     1 ||     1
Evoke: Wand              |       |       |       |     6 |    16 |     2 |     9 |     1 |    14 ||    48
       Box of beasts     |       |       |       |       |     1 |       |       |     1 |     2 ||     4
       Lightning rod     |       |       |       |       |       |     4 |     8 |     8 |     4 ||    24
       Sack of spiders   |       |       |       |       |       |     1 |     1 |     2 |     4 ||     8
       Phantom mirror    |       |       |       |       |       |       |       |     1 |     1 ||     2
       Lamp of fire      |       |       |       |       |       |       |       |       |     1 ||     1
  Use: Scroll            |     6 |     2 |     7 |     7 |    11 |    11 |     6 |    13 |    34 ||    97
       Potion            |       |       |     2 |     3 |       |     6 |     2 |     4 |    15 ||    32
 Stab: Confused          |       |       |       |     1 |       |       |       |       |       ||     1
       Sleeping          |       |       |       |     1 |       |       |       |       |       ||     1
       Paralysed         |       |       |       |       |     1 |       |       |       |       ||     1
  Eat: Chunk             |     5 |    15 |    18 |    30 |    58 |    14 |    52 |    41 |    62 ||   295
       Ration            |     1 |       |     3 |     6 |     5 |    13 |     5 |     8 |    33 ||    74
Armor: Robe              |     5 |    10 |     6 |       |       |       |       |       |       ||    21
       Ring mail         |       |       |    32 |       |       |       |       |       |       ||    32
       Troll leather arm |       |       |       |    25 |       |       |       |       |       ||    25
       Steam dragon scal |       |       |       |    32 |   121 |    93 |       |       |       ||   246
       Acid dragon scale |       |       |       |       |       |    36 |   112 |    75 |   159 ||   382
Dodge: Dodged            |    24 |    45 |    68 |   145 |   308 |   334 |   263 |   246 |   564 ||  1997
       Deflected         |       |       |       |       |    30 |    99 |    45 |    79 |    76 ||   329
Block: Other             |       |       |       |       |    84 |    97 |   130 |   143 |   152 ||   606
       Reflection        |       |       |       |       |    23 |    28 |    18 |    39 |    20 ||   128

Levels and vault maps discovered:
D:1:      zelgadis_glass_arrival_small, layout_loops_corners
D:2:      layout_basic, lemuel_doored_altar, uniq_sigmund, uniq_jessica
D:3:      kennysheep_goblin_castle, layout_loops_corners,
          gammafunk_temple_overflow_statue, first_ration, corexii_shack,
          chequers_hall_statues_y, uniq_ijyb
D:4:      layout_basic, amethyst_overflow_temple_binary, minmay_between
D:5:      layout_gridville, serial_shops, kennysheep_little_box,
          roderic_lattice_a
D:6:      layout_basic, nicolae_gozag_cash_rules_everything_around_me,
          minmay_temple_entry_wispy, basic_altar, grunt_ministairs_15,
          dk_rats_in_the_wall, uniq_blork_the_orc
D:7:      layout_basic, overflow_temple_1_default,
          nicolae_wu_jian_immortal_techniques, serial_shops, shop
D:8:      layout_basic, basic_altar
D:9:      layout_small_grid, grunt_temple_overflow_order_and_chaos_2,
          grunt_temple_overflow_forces_of_nature, lemuel_coloured_pillars_altar,
          tso_metal_star, erik_lair_orcish_takeover
D:10:     layout_long_grid, hiddenorc2_lemuel, hangedman_ranch
          [blue_anna_fruit_fields], uniq_frances
D:11:     layout_irregular_city, david_vaults_4, gammafunk_ghost_icy,
          serial_shops, shop, nicolae_shop_stone, grunt_ministairs_8,
          corexii_leaking_fountain, uniq_erica
D:12:     hangedman_depths_entry_civil_slaughter, layout_basic,
          reono_crystal_passage, serial_shops, nicolae_shop_trees,
          uniq_josephine, uniq_kirke
Temple:   nicolae_temple_figure_zero
Lair:1:   layout_cave_shapes, minmay_holes, minivault_24
Lair:2:   layout_gridlike, special_room [special_room_bee],
          bobbens_dragon_lair_wall, lemuel_fruit_tree
Lair:3:   layout_layer_cave, lemuel_fruit_fields, infiniplex_staircase_pool
Lair:4:   layout_loops_ring, minmay_snake_entry_six_corridors,
          spider_nest_entry_funnel_web, gammafunk_ghost_split,
          nicolae_quartered_pool_super
Lair:5:   layout_layer_cave, portal_ice_cave_demonic_guard, columned_hall_lemuel
Lair:6:   minmay_lair_end_frog_pond, layout_small_grid, dummy_forest_entry,
          ebering_ghost_inner_flame, wad_woods_river_01, serial_bayou_shore_a
Snake:1:  layout_cave_shapes, nicolae_snake_snakewalk, grunt_megastairs_4
Snake:2:  layout_chambers, minmay_shoptagon
Snake:3:  grunt_snake_rune_spirals, layout_onion, lightli_airlock, uniq_asterion
Spider:1: layout_spider_delve
Spider:2: layout_spider_delve
Spider:3: johnstein_spider_rune_arachne_lair
Slime:1:  layout_slime_grid
Slime:2:  layout_slime_grid
Slime:3:  layout_slime_grid
Slime:4:  layout_slime_grid
Slime:5:  slime_pit
Orc:      st_orc_town, layout_caves, slime_altar_2, serial_shops, shop,
          lightli_orcish_oven, uniq_nessos
Vaults:1: v_misc_30, nicolae_vaults_an_arrangement,
          nicolae_vaults_network_periphery, v_misc_15, nicolae_vaults_network_s,
          v_misc_4, v_pattern_2, dpeg_vaults_monster_row, vaults_dpeg_diagonal,
          ontoclasm_vaults_misaligned, vaults_room_grid,
          layout_vaults_maze_bifur, serial_shops, shop, shop_fountains
Vaults:2: grunt_vaults_twisty, vaults_room_semicircle,
          vaults_mumra_minichess_inversion, nicolae_vaults_border_crossing,
          nicolae_vaults_mini_display_case, hangedman_vaults_slither,
          vaults_mumra_hex, minmay_crypt_entry_simple_plaza,
          nicolae_vaults_theta, ontoclasm_vaults_pinch,
          nicolae_vaults_rhombus_5, layout_vaults_ring, uniq_margery, uniq_aizul
Vaults:3: serial_shops, uniq_bai_suzhen
Forest:1: layout_twisted_forest
Forest:2: layout_twisted_forest
Forest:3: grunt_forest_end_shrine, layout_twisted_forest
Crypt:1:  layout_misc_corridors, st_shrine_of_skulls
Crypt:2:  david_glass_crypt, layout_basic, tomb_entry_simple_bobbens,
          grunt_megastairs_3, uniq_mara
Depths:1: minmay_the_grid_3x2 [minmay_the_grid_zigzags, minmay_the_grid_doors,
          minmay_the_grid_x, minmay_the_grid_outer_circle,
          minmay_the_grid_odd_star,
          minmay_the_grid_prize_four_corners_diamond_a], layout_basic,
          enter_ziggurat_f, lightli_too_deep, serial_shops, nicolae_shop_trees,
          chequers_decorated_corner, kennysheep_four_rooms, minmay_shop_star
Depths:2: minmay_shrinking_squares, layout_basic, rand_demon_pan_entry_8,
          pf_hell_entry_great_geh, serial_shops, nicolae_shop_crystal
Depths:3: grunt_bent_corner, layout_basic, hell_entry, serial_shops, shop,
          serial_sigils_hangedman_gut, pan_entry, gammafunk_ghost_icy,
          infiniplex_staircase_spiral_double
Depths:4: giant_chief_lemuel, layout_basic, hex_tiny,
          hangedman_abyss_entry_splay, enter_trove_3, hell_entry, sword_in_stone
Depths:5: evilmike_zot_entry_round, layout_gridlike, minmay_misc_feat_rows,
          rand_demon_pan_entry_3, hell_entry
Zot:1:    layout_cathedral_of_symmetry, regret_index_zotdec_twisting_globes
Zot:2:    layout_twisted_circle, grunt_megastairs_5
Zot:3:    layout_misc_corridors
Zot:4:    layout_gridlike
Zot:5:    layout_misc_corridors, st_stairs_12, nicolae_lava_and_water,
          grunt_ministairs_4

Notes
Turn   | Place    | Note
-------+----------+-------------------------------------------
     0 | D:1      | quik the Human Air Elementalist began the quest for the
                  | Orb.
     0 | D:1      | Reached XP level 1. HP: 13/13 MP: 3/3
   148 | D:1      | Reached skill level 1 in Fighting
   336 | D:1      | Reached XP level 2. HP: 17/21 MP: 0/5
   366 | D:1      | Learned a level 2 spell: Swiftness
   369 | D:1      | Learned a level 2 spell: Shock
   569 | D:1      | Got a vibrating bone ring
  1093 | D:2      | Identified 2 scrolls of remove curse
  1094 | D:2      | Identified 2 scrolls of immolation
  1095 | D:2      | Identified a ring of stealth (You found it on level 1 of
                  | the Dungeon)
  1096 | D:2      | Identified the ring "Loeshustra" {+Fly Slay+2} (You found
                  | it on level 1 of the Dungeon)
  1129 | D:2      | Found a corrupted altar of Lugonu.
  1338 | D:2      | Noticed Jessica
  1475 | D:2      | Reached skill level 4 in Air Magic
  1531 | D:2      | Reached XP level 3. HP: 23/26 MP: 0/6
  1612 | D:2      | Identified 4 scrolls of identify
  1614 | D:2      | Identified 2 potions of curing
  1615 | D:2      | Identified a potion of haste
  1616 | D:2      | Identified a potion of magic
  1617 | D:2      | Identified 2 potions of might
  2478 | D:3      | Reached skill level 3 in Spellcasting
  2501 | D:3      | Reached XP level 4. HP: 32/32 MP: 8/8
  2573 | D:3      | Noticed Robin
  2579 | D:3      | Killed Robin
  2772 | D:3      | Noticed Ijyb
  3221 | D:3      | Learned a level 3 spell: Mephitic Cloud
  3268 | D:3      | Reached XP level 5. HP: 36/37 MP: 8/10
  3279 | D:3      | Found a bloodstained altar of Trog.
  3282 | D:3      | Found a hide-covered altar of Uskayaw.
  3365 | D:3      | Identified a potion of heal wounds
  3523 | D:3      | Reached skill level 4 in Spellcasting
  3722 | D:2      | Reached skill level 2 in Conjurations
  3844 | D:2      | Noticed Sigmund
  3900 | D:2      | Killed Jessica
  3901 | D:2      | Reached skill level 1 in Poison Magic
  4248 | D:4      | Reached skill level 3 in Conjurations
  4248 | D:4      | Reached XP level 6. HP: 26/43 MP: 4/12
  4425 | D:4      | Reached skill level 4 in Conjurations
  4646 | D:4      | Identified a potion of mutation
  4849 | D:4      | Noticed a sky beast
  4882 | D:4      | Reached skill level 2 in Poison Magic
  5047 | D:4      | Found a shimmering blue altar of Sif Muna.
  5047 | D:4      | Found a snail-covered altar of Cheibriados.
  5056 | D:4      | Became a worshipper of Sif Muna the Loreminder
  5110 | D:4      | Noticed a phantom
  5347 | D:4      | Reached skill level 2 in Fighting
  5481 | D:4      | Reached XP level 7. HP: 33/50 MP: 9/13
  6038 | D:5      | Entered Level 5 of the Dungeon
  6098 | D:5      | Learned a level 4 spell: Lightning Bolt
  6111 | D:5      | Reached skill level 5 in Conjurations
  6111 | D:5      | Reached skill level 5 in Air Magic
  6212 | D:5      | Reached * piety under Sif Muna
  6371 | D:5      | Identified a potion of degeneration
  6454 | D:5      | Reached XP level 8. HP: 33/56 MP: 1/14
  6740 | D:5      | Received a gift from Sif Muna
  6774 | D:5      | Reached skill level 6 in Conjurations
  6774 | D:5      | Reached skill level 6 in Air Magic
  6985 | D:5      | Identified a scroll of teleportation
  7233 | D:5      | Found Hius's General Store.
  7238 | D:5      | Bought 3 scrolls of fear for 195 gold pieces
  7238 | D:5      | Bought a scroll of revelation for 52 gold pieces
  7306 | D:6      | Noticed Blork the orc
  7315 | D:5      | Reached ** piety under Sif Muna
  7371 | D:6      | Identified a scroll of noise
  7384 | D:6      | Found an opulent altar of Gozag.
  7433 | D:6      | Noticed a hippogriff
  7467 | D:6      | Killed a hippogriff
  7794 | D:6      | Found a sacrificial altar of Ru.
  7794 | D:6      | Identified a +4 amulet of reflection
  7797 | D:6      | Reached skill level 7 in Conjurations
  7797 | D:6      | Reached skill level 7 in Air Magic
  7802 | D:6      | HP: 12/57 [bullfrog skeleton (6)]
  7803 | D:6      | HP: 4/57 [bullfrog skeleton (4)]
  7961 | D:6      | Killed Blork the orc
  7962 | D:6      | Reached skill level 3 in Fighting
  7997 | D:6      | Reached XP level 9. HP: 29/63 MP: 3/15
  8110 | D:6      | Reached skill level 5 in Spellcasting
  8163 | D:6      | Identified 2 scrolls of enchant weapon
  8307 | D:6      | Reached *** piety under Sif Muna
  8423 | D:6      | Reached skill level 6 in Spellcasting
  8544 | D:6      | Reached skill level 4 in Fighting
  8808 | D:6      | Found a staircase to the Ecumenical Temple.
  8814 | Temple   | Entered the Ecumenical Temple
  9145 | D:7      | Reached skill level 7 in Spellcasting
  9221 | D:7      | Identified a scroll of enchant armour
  9247 | D:7      | Identified a potion of agility
  9289 | D:7      | Found an ancient bone altar of Kikubaaqudgha.
  9373 | D:7      | Identified a ring of positive energy (You found it on level
                  | 7 of the Dungeon)
  9494 | D:7      | Noticed a troll
  9543 | D:7      | Killed a troll
  9544 | D:7      | Reached **** piety under Sif Muna
  9705 | D:7      | Found Ceont's Magic Scroll Emporium.
  9712 | D:7      | Bought a scroll of blinking for 90 gold pieces
  9712 | D:7      | Bought a scroll of fog for 24 gold pieces
  9752 | D:7      | Found an ornate altar of the Wu Jian Council.
  9858 | D:7      | Reached XP level 10. HP: 55/71 MP: 12/20
 10071 | D:7      | Reached skill level 8 in Conjurations
 10071 | D:7      | Reached skill level 8 in Air Magic
 10071 | D:7      | Reached skill level 1 in Invocations
 10502 | D:4      | Reached skill level 2 in Invocations
 10603 | D:4      | Reached skill level 3 in Invocations
 10774 | D:3      | Killed Ijyb
 10945 | D:8      | Learned a level 3 spell: Dazzling Orbs
 11026 | D:8      | Noticed an orc knight
 11217 | D:8      | Noticed an unseen horror
 11242 | D:8      | Reached skill level 4 in Invocations
 11286 | D:8      | Reached skill level 5 in Invocations
 11327 | D:8      | Found a glowing silver altar of Zin.
 11440 | D:8      | Identified Sif Muna's Guide on Good Luck (Sif Muna gifted
                  | it to you on level 8 of the Dungeon)
 11440 | D:8      | Received a gift from Sif Muna
 11448 | D:8      | Reached skill level 6 in Invocations
 11616 | D:8      | Reached skill level 7 in Invocations
 11638 | D:8      | Learned a level 3 spell: Regeneration
 11667 | D:8      | Identified a scroll of acquirement
 11668 | D:8      | Identified the +5 plate armour of Optimism {rN+} (You
                  | acquired it on level 8 of the Dungeon)
 11668 | D:8      | Identified the ring of Feokirr {Wiz rPois Dex+7} (You
                  | acquired it on level 8 of the Dungeon)
 11668 | D:8      | Identified Hevuvate's Compendium of Dusty Hexes (You
                  | acquired it on level 8 of the Dungeon)
 11669 | D:8      | Found the +8 longbow "Zephyr" {speed, Dex+3 SInv}
 12377 | D:8      | Killed an orc knight
 12378 | D:8      | Reached skill level 2 in Charms
 12378 | D:8      | Reached skill level 2 in Bows
 12487 | D:8      | Killed an unseen horror
 12488 | D:8      | Reached skill level 4 in Bows
 12870 | D:8      | Identified a potion of berserk rage
 12888 | D:8      | Learned a level 3 spell: Ozocubu's Armour
 12975 | D:9      | Found a staircase to the Lair.
 12976 | D:9      | Noticed a two-headed ogre
 12985 | D:8      | Reached skill level 5 in Bows
 13056 | D:9      | Noticed a two-headed ogre
 13242 | D:5      | Bought a wand of digging (5) for 156 gold pieces
 13368 | D:2      | Killed Sigmund
 13755 | D:9      | Reached skill level 6 in Bows
 13758 | D:9      | Found a shattered altar of Ashenzari.
 13840 | D:9      | Killed a two-headed ogre
 13841 | D:9      | Reached skill level 7 in Bows
 13841 | D:9      | Reached XP level 11. HP: 67/77 MP: 18/21
 13871 | D:9      | Reached skill level 8 in Bows
 13967 | D:9      | Reached skill level 3 in Charms
 13967 | D:9      | Reached ***** piety under Sif Muna
 14094 | D:9      | Killed a two-headed ogre
 14095 | D:9      | Reached skill level 4 in Charms
 14095 | D:9      | Reached skill level 5 in Fighting
 14120 | D:9      | Found a stormy altar of Qazlal.
 14121 | D:9      | Found a blossoming altar of Fedhas.
 14338 | D:9      | Noticed a blizzard demon
 14339 | D:9      | Found a burning altar of Makhleb.
 14342 | D:9      | Found a glowing silver altar of Zin.
 14342 | D:9      | Noticed an angel
 14458 | D:9      | Reached skill level 6 in Fighting
 14582 | D:9      | Found a glowing golden altar of the Shining One.
 15030 | D:10     | Entered Level 10 of the Dungeon
 15233 | D:10     | Reached skill level 9 in Bows
 15409 | D:10     | Found a staircase to the Orcish Mines.
 15758 | D:10     | Noticed Frances
 16113 | D:10     | Noticed a three-headed hydra
 16164 | D:10     | Noticed a seven-headed hydra
 16193 | D:10     | Killed a seven-headed hydra
 16194 | D:10     | Reached skill level 10 in Bows
 16293 | D:10     | Killed a three-headed hydra
 16294 | D:10     | Reached XP level 12. HP: 67/88 MP: 18/22
 16355 | D:10     | Reached skill level 11 in Bows
 16436 | D:10     | Noticed a two-headed ogre
 16444 | D:10     | Killed a two-headed ogre
 16575 | D:10     | Reached skill level 7 in Fighting
 16915 | D:10     | HP: 14/91 [Frances/+1 great mace of holy wrath (31)]
 17172 | D:11     | Noticed a two-headed ogre
 17177 | D:11     | Noticed Erica
 17249 | Lair:1   | Entered Level 1 of the Lair of Beasts
 17273 | Lair:1   | Identified a potion of brilliance
 17355 | Lair:1   | Noticed a six-headed hydra
 17359 | Lair:1   | Killed a six-headed hydra
 17360 | Lair:1   | Reached skill level 8 in Fighting
 17482 | Lair:1   | Identified 2 scrolls of summoning
 18163 | Lair:2   | Reached skill level 9 in Fighting
 18837 | Lair:2   | Reached skill level 10 in Fighting
 18895 | Lair:2   | Reached skill level 1 in Ice Magic
 19047 | Lair:2   | Learned a level 2 spell: Passwall
 19050 | Lair:2   | Learned a level 2 spell: Sticks to Snakes
 19269 | Lair:2   | Reached skill level 2 in Ice Magic
 19302 | Lair:2   | Reached skill level 3 in Ice Magic
 19388 | Lair:2   | Reached skill level 4 in Ice Magic
 19424 | Lair:2   | Received a gift from Sif Muna
 19436 | Lair:2   | Learned a level 4 spell: Throw Icicle
 19727 | Lair:3   | Reached XP level 13. HP: 103/103 MP: 19/23
 19910 | Lair:3   | Reached skill level 5 in Charms
 19910 | Lair:3   | Reached skill level 5 in Ice Magic
 19920 | Lair:3   | Reached skill level 3 in Stealth
 20139 | Lair:3   | Identified a potion of cancellation
 20217 | Lair:3   | Reached skill level 3 in Dodging
 20217 | Lair:3   | Reached skill level 1 in Evocations
 20397 | Lair:3   | Noticed a five-headed hydra
 20403 | Lair:3   | Killed a five-headed hydra
 20404 | Lair:3   | Reached skill level 3 in Evocations
 20463 | Lair:3   | Identified a ring of evasion (You found it on level 3 of
                  | the Lair of Beasts)
 20603 | Lair:3   | Reached skill level 4 in Evocations
 20967 | Lair:3   | Reached skill level 5 in Evocations
 21335 | Lair:4   | Identified a potion of lignification
 21397 | Lair:4   | Reached skill level 12 in Bows
 21458 | Lair:4   | Found a staircase to the Snake Pit.
 21586 | Lair:4   | Reached skill level 4 in Dodging
 21700 | Lair:4   | Reached skill level 1 in Armour
 21721 | Lair:4   | Reached skill level 2 in Armour
 21740 | Lair:4   | Reached skill level 3 in Armour
 21894 | Lair:4   | Noticed an eight-headed hydra
 22049 | Lair:4   | Killed an eight-headed hydra
 22187 | Lair:4   | Noticed Bananafolds's ghost (journeyman MfSk)
 22540 | Lair:4   | Found a runed translucent gate.
 22540 | Lair:4   | Found a runed translucent gate.
 22540 | Lair:4   | Found a runed translucent gate.
 22838 | Lair:4   | Reached skill level 13 in Bows
 22957 | Lair:4   | Found a hole to the Spider Nest.
 23222 | Lair:5   | Reached skill level 4 in Armour
 23350 | Lair:5   | Learned a level 1 spell: Apportation
 23421 | Lair:5   | Reached ****** piety under Sif Muna
 23442 | Lair:5   | Identified a potion of ambrosia
 23546 | Lair:5   | Reached skill level 5 in Armour
 23554 | Lair:5   | Reached XP level 14. HP: 108/110 MP: 20/24
 23598 | Lair:5   | Reached skill level 6 in Armour
 23690 | Lair:5   | Reached skill level 5 in Dodging
 23741 | Lair:5   | Reached skill level 6 in Charms
 23914 | Lair:5   | Reached skill level 7 in Charms
 24131 | Lair:5   | Reached skill level 8 in Spellcasting
 24391 | Lair:5   | Identified a scroll of vulnerability
 24912 | Lair:6   | Entered Level 6 of the Lair of Beasts
 25140 | Lair:6   | Identified Sif Muna's Grimoire of Helpful Orientation (Sif
                  | Muna gifted it to you on level 6 of the Lair of Beasts)
 25140 | Lair:6   | Received a gift from Sif Muna
 25353 | Lair:6   | Found a staircase to the Spriggan Forest.
 25698 | Lair:6   | Reached skill level 14 in Bows
 26321 | Lair:6   | Reached skill level 9 in Spellcasting
 26676 | Lair:6   | Got a smoking arbalest
 26677 | Lair:6   | Identified the +9 arbalest "Konemuz" {speed, +Fly} (You
                  | found it on level 6 of the Lair of Beasts)
 26863 | Lair:6   | Reached XP level 15. HP: 73/115 MP: 17/28
 26938 | Lair:6   | Learned a level 6 spell: Deflect Missiles
 26948 | Lair:6   | Learned a level 1 spell: Summon Butterflies
 26956 | Lair:6   | Learned a level 6 spell: Deflect Missiles
 27073 | Lair:6   | Found a runed translucent door.
 27074 | Lair:6   | Noticed Bokken's ghost (journeyman AvCj)
 27346 | Lair:6   | Reached skill level 10 in Spellcasting
 27350 | Lair:6   | Learned a level 2 spell: Song of Slaying
 27563 | Lair:6   | Got a crude wooden ring
 28168 | D:7      | Bought a scroll of identify for 24 gold pieces
 28168 | D:7      | Bought a scroll of identify for 24 gold pieces
 28168 | D:7      | Identified a scroll of torment
 28170 | D:7      | Identified the ring "Jexoh" {Int+4 Dex+6} (You found it on
                  | level 6 of the Lair of Beasts)
 28432 | D:11     | Reached skill level 6 in Ice Magic
 28562 | D:11     | Learned a level 4 spell: Summon Ice Beast
 28757 | D:11     | Reached skill level 7 in Ice Magic
 28757 | D:11     | Reached skill level 1 in Summonings
 28802 | D:11     | Found a runed translucent gate.
 28802 | D:11     | Found a runed translucent gate.
 28802 | D:11     | Found a runed translucent gate.
 28815 | D:11     | Killed Erica
 28816 | D:11     | Reached skill level 2 in Summonings
 28850 | D:11     | Reached skill level 3 in Summonings
 28911 | D:11     | Reached skill level 4 in Summonings
 29018 | D:11     | Found a gate to the Vaults.
 29085 | D:11     | Found Jofy's Magic Scroll Shop.
 29092 | D:11     | Bought a scroll of blinking for 112 gold pieces
 29107 | D:11     | Identified Sif Muna's Almanac of Confrontation (Sif Muna
                  | gifted it to you on level 11 of the Dungeon)
 29107 | D:11     | Received a gift from Sif Muna
 29113 | D:11     | Found Badweral's Food Boutique.
 29141 | D:11     | Reached skill level 1 in Necromancy
 29204 | D:10     | Reached skill level 2 in Necromancy
 29369 | D:5      | Bought a scroll of vulnerability for 97 gold pieces
 29534 | D:11     | Reached skill level 3 in Necromancy
 29768 | D:11     | Reached skill level 4 in Necromancy
 29898 | D:11     | Noticed rychschax's ghost (journeyman FrVM)
 30239 | D:11     | Learned a level 2 spell: Poisonous Vapours
 30482 | D:11     | Reached skill level 6 in Evocations
 30671 | Orc      | Entered the Orcish Mines
 30689 | Orc      | Noticed Nessos
 30698 | Orc      | Killed Nessos
 30787 | D:10     | Reached skill level 7 in Evocations
 30956 | D:12     | Entered Level 12 of the Dungeon
 31166 | D:12     | Found Zigelej's Food Boutique.
 31300 | D:12     | Noticed Josephine
 31472 | D:12     | Killed Josephine
 31613 | D:12     | Reached skill level 15 in Bows
 31889 | D:12     | Noticed Kirke
 32005 | D:12     | Killed Kirke
 32006 | D:12     | Reached skill level 8 in Charms
 32095 | D:12     | Identified 2 scrolls of amnesia
 32096 | D:12     | Identified an amulet of faith (You found it on level 12 of
                  | the Dungeon)
 32102 | D:12     | Reached XP level 16. HP: 120/122 MP: 30/30
 32178 | D:12     | Found a staircase to the Depths.
 32707 | D:10     | Killed Frances
 32713 | D:10     | HP: 21/86 [poisoned by a chaos spawn]
 32718 | D:10     | HP: 20/86 [poisoned by a chaos spawn]
 32724 | D:10     | HP: 21/86 [poisoned by a chaos spawn]
 32929 | Spider:1 | Entered Level 1 of the Spider Nest
 32941 | Spider:1 | Reached skill level 11 in Fighting
 33092 | Spider:1 | Reached skill level 3 in Poison Magic
 33122 | Spider:1 | Reached skill level 4 in Poison Magic
 33402 | Spider:1 | Reached skill level 5 in Poison Magic
 33748 | Spider:1 | Identified Sif Muna's Disquisition on Creation (Sif Muna
                  | gifted it to you on level 1 of the Spider Nest)
 33748 | Spider:1 | Received a gift from Sif Muna
 33813 | Spider:1 | Noticed an entropy weaver
 33826 | Spider:1 | Killed an entropy weaver
 33906 | Spider:1 | Found the +8 mithril axe "Arga" {speed, MR+}
 34315 | Spider:2 | Reached skill level 16 in Bows
 34761 | Spider:2 | Noticed an entropy weaver
 34776 | Spider:2 | Killed an entropy weaver
 34945 | Spider:2 | Noticed an entropy weaver
 34955 | Spider:2 | Killed an entropy weaver
 35358 | Spider:3 | Entered Level 3 of the Spider Nest
 35888 | Snake:1  | Entered Level 1 of the Snake Pit
 35924 | Snake:1  | Reached skill level 17 in Bows
 36144 | Snake:1  | Identified the ring "Wal Keu" {rElec rF- MR++ Int+8 Slay+5}
 36219 | Snake:1  | Learned a level 3 spell: Conjure Flame
 36379 | Snake:1  | Reached skill level 7 in Armour
 36447 | Snake:1  | Reached XP level 17. HP: 113/131 MP: 29/31
 36692 | Snake:1  | Reached skill level 9 in Charms
 37016 | Snake:1  | Reached skill level 8 in Armour
 37643 | Snake:1  | Reached skill level 9 in Armour
 37912 | Snake:1  | Reached skill level 10 in Armour
 38275 | Snake:1  | Found the +9 staff of Olgreb {+Poison rPois}
 38598 | Snake:2  | Found Woschuz's Food Boutique.
 38598 | Snake:2  | Found Feuboe's Book Shop.
 38749 | Snake:2  | Identified an uncursed ring of protection from magic
 39004 | Snake:2  | Reached skill level 18 in Bows
 39281 | Snake:2  | Got a glimmering leather armour
 39670 | Snake:2  | Reached skill level 6 in Dodging
 39912 | D:7      | Bought 2 scrolls of identify for 48 gold pieces
 39912 | D:7      | Identified a scroll of brand weapon
 39913 | D:7      | Identified the +3 leather armour "Lueskepro" {rPois Str-3
                  | Int+3} (You found it on level 2 of the Snake Pit)
 39935 | D:7      | Bought a scroll of enchant armour for 90 gold pieces
 40075 | D:11     | Bought a scroll of enchant armour for 112 gold pieces
 40407 | Snake:3  | Entered Level 3 of the Snake Pit
 40416 | Snake:3  | Noticed Asterion
 40608 | Snake:3  | Reached skill level 7 in Dodging
 40755 | Snake:3  | Reached skill level 8 in Dodging
 40829 | Snake:3  | Reached XP level 18. HP: 138/138 MP: 30/32
 40908 | Snake:3  | Killed Asterion
 40983 | Snake:3  | Reached skill level 9 in Dodging
 41179 | Snake:3  | Found a runed door.
 41295 | Snake:3  | Identified the cursed +1 robe of Ru's Whim {rElec rN+ MR+
                  | rCorr}
 41391 | Snake:3  | Reached skill level 10 in Dodging
 41579 | Snake:3  | Identified Sif Muna's Tome of Hurtful Evil (Sif Muna gifted
                  | it to you on level 3 of the Snake Pit)
 41579 | Snake:3  | Received a gift from Sif Muna
 42097 | Snake:3  | Reached skill level 12 in Fighting
 42330 | Snake:3  | Reached skill level 13 in Fighting
 42385 | Snake:3  | Reached skill level 4 in Stealth
 42415 | Snake:3  | Reached skill level 5 in Stealth
 42491 | Snake:3  | Reached skill level 6 in Stealth
 42902 | Snake:3  | Reached XP level 19. HP: 136/149 MP: 29/33
 43027 | Snake:3  | Reached skill level 19 in Bows
 43894 | Snake:3  | Got a serpentine rune of Zot
 43975 | Snake:3  | Learned a level 4 spell: Sticky Flame
 44364 | D:11     | Identified the ring of Jecvymm {Fire +Fly Str-3 Dex-4 SInv}
                  | (You found it on level 11 of the Dungeon)
 44367 | D:11     | Identified an uncursed ring of protection from fire (You
                  | found it on level 11 of the Dungeon)
 44373 | D:11     | Identified the +2 whip of the Median {flame, +Blink rPois
                  | rF- Int+7 SInv} (You found it on level 11 of the Dungeon)
 44434 | D:11     | Killed rychschax's ghost
 44637 | Lair:4   | Killed Bananafolds's ghost
 44721 | Lair:4   | Identified an uncursed amulet of the acrobat
 44800 | Lair:6   | Killed Bokken's ghost
 44813 | Lair:6   | Identified the +9 hand crossbow of Such {velocity, rElec
                  | rPois rN++ SInv} (You found it on level 6 of the Lair of
                  | Beasts)
 45020 | Spider:3 | Identified the +7 shortbow "Naocwel" {venom, Str+4} (You
                  | acquired it on level 3 of the Spider Nest)
 45020 | Spider:3 | Identified the +13 crystal plate armour "Muhet" {rPois rC+}
                  | (You acquired it on level 3 of the Spider Nest)
 45020 | Spider:3 | Identified an amulet of rage (You acquired it on level 3 of
                  | the Spider Nest)
 45236 | Spider:3 | Reached skill level 20 in Bows
 45634 | Spider:3 | Noticed an entropy weaver
 45640 | Spider:3 | Killed an entropy weaver
 45766 | Spider:3 | Identified the ring of Reguwouk {rF+ Stlth--}
 45791 | Spider:3 | Got a gossamer rune of Zot
 45834 | Spider:3 | Reached skill level 14 in Fighting
 45989 | Spider:3 | Noticed Arachne
 46000 | Spider:3 | Noticed an entropy weaver
 46000 | Spider:3 | Noticed an entropy weaver
 46428 | Orc      | Identified Okisiun's Reference Book on Calling and Flames
                  | (Sif Muna gifted it to you in the Orcish Mines)
 46428 | Orc      | Received a gift from Sif Muna
 46622 | D:10     | Learned a level 3 spell: Portal Projectile
 46629 | D:10     | Learned a level 5 spell: Summon Lightning Spire
 46632 | D:10     | Learned a level 2 spell: Flaming Arrows
 46871 | Orc      | Found Xuylesem's Book Shoppe.
 46952 | Orc      | Found a roughly hewn altar of Beogh.
 47101 | Orc      | Found Nageunel's Antique Weapon Boutique.
 47101 | Orc      | Found Nuimonwo's Antique Weapon Emporium.
 47228 | Orc      | Found a runed door.
 47229 | Orc      | Found a viscous altar of Jiyva.
 47230 | Orc      | Found a staircase to the Slime Pits.
 47248 | Orc      | Reached XP level 20. HP: 144/160 MP: 6/34
 47551 | Orc      | Found Nigieqom's Distillery.
 47551 | Orc      | Found Pakaes's Assorted Antiques.
 47556 | Orc      | Bought a potion of haste for 130 gold pieces
 47556 | Orc      | Bought a potion of heal wounds for 65 gold pieces
 47556 | Orc      | Bought a potion of heal wounds for 65 gold pieces
 47565 | Orc      | Bought an encrusted copper wand for 140 gold pieces
 47688 | Orc      | Bought a book of Minor Magic for 220 gold pieces
 47816 | Vaults:1 | Entered Level 1 of the Vaults
 47830 | Vaults:1 | Reached skill level 1 in Translocations
 47884 | Vaults:1 | Reached skill level 2 in Translocations
 47968 | Vaults:1 | Found Joij's Weapon Emporium.
 48003 | Vaults:1 | Reached skill level 15 in Fighting
 48008 | Vaults:1 | Reached skill level 3 in Translocations
 48039 | Vaults:1 | Reached skill level 4 in Translocations
 48115 | Vaults:1 | Found Cyboupt's Gadget Emporium.
 48133 | Vaults:1 | Reached skill level 5 in Translocations
 48147 | Vaults:1 | Reached skill level 6 in Translocations
 48267 | Vaults:1 | Reached skill level 5 in Summonings
 48590 | Vaults:1 | Reached skill level 6 in Summonings
 48727 | Vaults:1 | Identified Sif Muna's Grimoire of the Damaging Snowflakes
                  | (Sif Muna gifted it to you on level 1 of the Vaults)
 48727 | Vaults:1 | Received a gift from Sif Muna
 48729 | Vaults:1 | Reached skill level 7 in Summonings
 49461 | Vaults:2 | Reached skill level 8 in Summonings
 49507 | Vaults:2 | Reached skill level 11 in Spellcasting
 49532 | Vaults:2 | Reached skill level 7 in Translocations
 49563 | Vaults:2 | Learned a level 2 spell: Blink
 49650 | Vaults:2 | Reached XP level 21. HP: 168/168 MP: 26/36
 49660 | Vaults:2 | Identified Sif Muna's Disquisition on Supportive
                  | Transmigration (Sif Muna gifted it to you on level 2 of the
                  | Vaults)
 49660 | Vaults:2 | Received a gift from Sif Muna
 49782 | Vaults:2 | Identified an uncursed amulet of magic regeneration
 49793 | Vaults:2 | Reached skill level 9 in Summonings
 49798 | Vaults:2 | Reached skill level 9 in Air Magic
 49916 | Vaults:2 | Noticed Margery
 49934 | Vaults:2 | Killed Margery
 50139 | Vaults:2 | Reached skill level 10 in Summonings
 50139 | Vaults:2 | Reached skill level 10 in Air Magic
 50506 | Vaults:2 | Noticed Aizul
 50526 | Vaults:2 | Killed Aizul
 50563 | Vaults:2 | Found a staircase to the Crypt.
 51241 | Spider:3 | Killed Arachne
 51304 | Spider:3 | Reached skill level 16 in Fighting
 51472 | Spider:3 | Identified Sif Muna's Almanac of Summoning and Enchantment
                  | (Sif Muna gifted it to you on level 3 of the Spider Nest)
 51472 | Spider:3 | Received a gift from Sif Muna
 52316 | Snake:3  | Identified the +1 chain mail "Fiodebro" {rF- rCorr Stlth+}
 52351 | Snake:3  | Reached skill level 12 in Spellcasting
 52569 | Forest:1 | Entered Level 1 of the Spriggan Forest
 52802 | Forest:1 | Reached XP level 22. HP: 179/179 MP: 30/38
 52812 | Forest:1 | Learned a level 5 spell: Silence
 52821 | Forest:1 | Learned a level 6 spell: Dispersal
 53097 | Forest:1 | Reached skill level 17 in Fighting
 54590 | Forest:2 | Reached skill level 8 in Translocations
 54907 | Depths:1 | Entered Level 1 of the Depths
 54916 | Depths:1 | Reached skill level 9 in Translocations
 55034 | Depths:1 | Noticed a rockslime
 55097 | Depths:1 | Reached skill level 10 in Translocations
 55097 | Depths:1 | Identified Sif Muna's Guide on Mutagenic Black Rites (Sif
                  | Muna gifted it to you on level 1 of the Depths)
 55097 | Depths:1 | Received a gift from Sif Muna
 55218 | Depths:1 | Found Veteizei's Weapon Emporium.
 55263 | Depths:1 | HP: 42/181 [rockslime (14)]
 55370 | Depths:1 | Killed a rockslime
 55501 | Depths:1 | Reached skill level 11 in Translocations
 55661 | Depths:1 | Found Iduhuwn's Book Emporium.
 55683 | Depths:1 | Found Heomn's Weapon Shop.
 55955 | Depths:1 | Reached skill level 11 in Dodging
 55993 | Depths:1 | Identified an uncursed ring of magical power
 56590 | Depths:1 | Reached skill level 12 in Dodging
 56717 | Depths:1 | Found a gateway to Hell.
 56993 | Depths:1 | Found a gateway to a ziggurat.
 57135 | Depths:2 | Reached XP level 23. HP: 187/187 MP: 30/39
 57283 | Depths:2 | Reached skill level 13 in Dodging
 57455 | Depths:2 | Reached skill level 14 in Dodging
 57503 | Depths:2 | Noticed a rockslime
 57530 | Depths:2 | Killed a rockslime
 57557 | Depths:2 | Found Ezasicem's Jewellery Shop.
 57565 | Depths:2 | Bought an uncursed ring of protection from cold for 425
                  | gold pieces
 58049 | Depths:2 | Reached skill level 15 in Dodging
 58591 | Depths:2 | Identified the +6 falchion of the Horn {freeze, rElec rPois
                  | Int-3}
 58594 | Depths:2 | Identified the +10 mace "Pacs" {flame, -Tele MR+ Str+7}
 58596 | Depths:2 | Identified the cursed +1 dagger "Odwa" {pain, *Contam rN+
                  | MR+ Int+2}
 58777 | Depths:2 | Found a one-way gate leading to the halls of Pandemonium.
 59122 | Depths:3 | Noticed Lelol's ghost (veteran VSFE)
 59139 | Depths:3 | Identified the ring "Teer" {Fire +Inv}
 59164 | Depths:3 | Found a runed translucent gate.
 59287 | Depths:3 | Found Vaeg's Weapon Emporium.
 59303 | Depths:3 | Found a runed translucent gate.
 59303 | Depths:3 | Found a runed translucent gate.
 59452 | Depths:3 | Reached skill level 18 in Fighting
 59478 | Depths:3 | Identified the ring of the Dropbear {MP+9 Str+7}
 59891 | Depths:3 | Reached XP level 24. HP: 180/199 MP: 35/39
 59911 | Depths:3 | Identified Sif Muna's Grimoire of Toxins (Sif Muna gifted
                  | it to you on level 3 of the Depths)
 59911 | Depths:3 | Received a gift from Sif Muna
 60007 | Depths:3 | Reached skill level 19 in Fighting
 60175 | Depths:3 | Noticed a juggernaut
 60192 | Depths:3 | Killed a juggernaut
 60411 | Vaults:1 | Bought a phantom mirror for 340 gold pieces
 61289 | Depths:3 | Noticed a juggernaut
 61291 | Depths:3 | Noticed a golden dragon
 61507 | Depths:3 | Killed a golden dragon
 61508 | Depths:3 | Reached skill level 20 in Fighting
 61913 | Depths:3 | Found Vaeg's Weapon Emporium.
 61980 | Depths:3 | Found a runed translucent gate.
 61980 | Depths:3 | Found a runed translucent gate.
 61980 | Depths:3 | Found a runed translucent gate.
 62203 | Depths:3 | Killed a juggernaut
 62424 | Depths:3 | Identified the +2 glaive "Xudwaj" {antimagic, +Blink rF+}
 62445 | Depths:3 | Identified an amulet of regeneration (You acquired it on
                  | level 3 of the Depths)
 62473 | Depths:3 | Noticed a golden dragon
 62497 | Depths:3 | Killed a golden dragon
 62915 | Depths:4 | Reached skill level 21 in Fighting
 62915 | Depths:4 | Reached skill level 1 in Maces & Flails
 62946 | Depths:4 | Reached skill level 2 in Maces & Flails
 62982 | Depths:4 | Reached skill level 3 in Maces & Flails
 62982 | Depths:4 | Reached XP level 25. HP: 204/214 MP: 33/39
 63016 | Depths:4 | Reached skill level 4 in Maces & Flails
 63185 | Depths:4 | Reached skill level 5 in Maces & Flails
 63349 | Depths:4 | Reached skill level 6 in Maces & Flails
 63529 | Depths:4 | Reached skill level 7 in Maces & Flails
 63557 | Depths:4 | Noticed a juggernaut
 63590 | Depths:4 | Killed a juggernaut
 63591 | Depths:4 | Reached skill level 8 in Maces & Flails
 63656 | Depths:4 | Noticed Frederick
 63793 | Depths:4 | Reached skill level 9 in Maces & Flails
 64052 | Depths:4 | Noticed a caustic shrike
 64054 | Depths:4 | Noticed a caustic shrike
 64057 | Depths:4 | Noticed a caustic shrike
 64059 | Depths:4 | Killed a caustic shrike
 64060 | Depths:4 | Reached skill level 10 in Maces & Flails
 64064 | Depths:4 | Killed a caustic shrike
 64079 | Depths:4 | Killed a caustic shrike
 64160 | Depths:4 | Found a one-way gate to the infinite horrors of the Abyss.
 64210 | Depths:4 | Found a portal to a secret trove of treasure.
 64251 | Depths:4 | Noticed a caustic shrike
 64251 | Depths:4 | Noticed a caustic shrike
 64334 | Depths:4 | Reached skill level 11 in Maces & Flails
 64404 | Depths:4 | Killed Frederick
 64408 | Depths:4 | Killed a caustic shrike
 64413 | Depths:4 | HP: 52/214 [acid (5)]
 64428 | Depths:4 | Killed a caustic shrike
 64725 | Depths:4 | Reached skill level 12 in Maces & Flails
 64954 | Depths:4 | Noticed a juggernaut
 64975 | Depths:4 | Killed a juggernaut
 64977 | Depths:4 | Reached skill level 11 in Summonings
 65274 | Depths:4 | Found a one-way gate to the infinite horrors of the Abyss.
 65304 | Depths:4 | Found a portal to a secret trove of treasure.
 65691 | Depths:5 | Entered Level 5 of the Depths
 66043 | Depths:5 | Noticed a Killer Klown
 66060 | Depths:5 | Killed a Killer Klown
 66061 | Depths:5 | Identified Sif Muna's Incunabulum of Lightness (Sif Muna
                  | gifted it to you on level 5 of the Depths)
 66061 | Depths:5 | Received a gift from Sif Muna
 66061 | Depths:5 | Reached XP level 26. HP: 218/222 MP: 11/39
 66745 | Depths:5 | Noticed a caustic shrike
 66745 | Depths:5 | Noticed a caustic shrike
 66745 | Depths:5 | Noticed a caustic shrike
 66745 | Depths:5 | Noticed a caustic shrike
 66745 | Depths:5 | Noticed a caustic shrike
 66765 | Depths:5 | Killed a caustic shrike
 66774 | Depths:5 | Killed a caustic shrike
 66794 | Depths:5 | Killed a caustic shrike
 66931 | Depths:5 | Identified the +1 leather armour of Mirth {rF+}
 66944 | Depths:5 | Reached skill level 12 in Summonings
 66944 | Depths:5 | Reached skill level 12 in Translocations
 67231 | Depths:5 | Killed a caustic shrike
 67232 | Depths:5 | Reached skill level 13 in Spellcasting
 67332 | Depths:5 | Noticed a golden dragon
 67360 | Depths:5 | Killed a caustic shrike
 67371 | Depths:5 | Killed a golden dragon
 68196 | Depths:5 | Identified the +9 shortbow of the Priest {velocity, *Drain
                  | rElec rPois MR+++} (You acquired it on level 5 of the
                  | Depths)
 68196 | Depths:5 | Identified the +0 pair of boots of Pagejo {Str+4 Int+4
                  | Slay+5} (You acquired it on level 5 of the Depths)
 68196 | Depths:5 | Identified a ring of slaying (You acquired it on level 5 of
                  | the Depths)
 68196 | Depths:5 | Identified the Incunabulum of the Entrancing Frostbite (You
                  | acquired it on level 5 of the Depths)
 68223 | Depths:5 | Found a gate to the Realm of Zot.
 68340 | Depths:5 | Learned a level 7 spell: Malign Gateway
 68617 | Slime:1  | Entered Level 1 of the Pits of Slime
 68738 | Slime:1  | Identified Sif Muna's Grimoire of Blistering Displacement
                  | (Sif Muna gifted it to you on level 1 of the Pits of Slime)
 68738 | Slime:1  | Received a gift from Sif Muna
 70227 | Slime:3  | Reached skill level 13 in Summonings
 70236 | Slime:3  | Reached skill level 13 in Translocations
 71397 | Slime:5  | Entered Level 5 of the Pits of Slime
 71425 | Slime:5  | Identified Sif Muna's Advanced Steps in Spellcasting (Sif
                  | Muna gifted it to you on level 5 of the Pits of Slime)
 71425 | Slime:5  | Received a gift from Sif Muna
 71429 | Slime:5  | Reached XP level 27. HP: 224/228 MP: 11/40
 71598 | Slime:5  | Reached skill level 14 in Summonings
 71598 | Slime:5  | Reached skill level 14 in Translocations
 71650 | Slime:5  | Found the +8 autumn katana {vamp, +Jump}
 71654 | Slime:5  | Noticed the Royal Jelly
 71733 | Slime:5  | Found a viscous altar of Jiyva.
 71832 | Slime:5  | Killed the Royal Jelly
 71984 | Slime:5  | Identified Sif Muna's Tome of Scorching Moulding
 71999 | Slime:5  | Identified a scroll of silence
 72017 | Slime:5  | Identified an uncursed ring of see invisible
 72020 | Slime:5  | Identified the cursed +2 spear of Pionul {pierce, rF+
                  | Int+4}
 72030 | Slime:5  | Got a slimy rune of Zot
 72031 | Slime:5  | Identified the Reference Book on Toxins and Confrontation
 72070 | Slime:5  | Identified the +7 hand crossbow of the Mosquito {venom,
                  | rPois rF- MR+ Int+9}
 72784 | Forest:2 | Received a gift from Sif Muna
 72859 | Forest:2 | Reached skill level 15 in Summonings
 72861 | Forest:2 | Reached skill level 15 in Translocations
 73787 | Forest:3 | Entered Level 3 of the Spriggan Forest
 73832 | Forest:3 | Identified an uncursed ring of poison resistance
 74631 | Forest:3 | Noticed Bai Suzhen
 75017 | Crypt:1  | Entered Level 1 of the Crypt
 75104 | Crypt:1  | Reached skill level 22 in Fighting
 75361 | Crypt:1  | Noticed a curse skull
 75364 | Crypt:1  | Killed a curse skull
 75514 | Crypt:1  | Noticed a curse skull
 75522 | Crypt:1  | Killed a curse skull
 75525 | Crypt:1  | Reached skill level 11 in Armour
 75532 | Crypt:1  | Identified the Tome of Sinister Aid
 76246 | Crypt:2  | Entered Level 2 of the Crypt
 76414 | Crypt:2  | Found the +8 kris "Leech" {manaleech, *Drain MR+}
 76445 | Crypt:2  | HP: 39/231 [ancient champion/+0 great sword of draining
                  | (44)]
 76692 | Crypt:1  | Reached skill level 12 in Armour
 77006 | Orc      | Bought a manual of Armour for 1214 gold pieces
 77215 | Vaults:3 | Entered Level 3 of the Vaults
 77269 | Vaults:3 | Reached skill level 13 in Armour
 77444 | Vaults:3 | Identified a +5 ring of strength
 77455 | Vaults:3 | Reached skill level 14 in Armour
 77512 | Vaults:3 | Identified the cursed +2 scythe of the Yoke {vamp, rElec
                  | Str+2 Int-4}
 77648 | Vaults:3 | Reached skill level 15 in Armour
 77719 | Vaults:3 | Identified the +7 flail of the Spectre {pain, +Rage +Fly
                  | Str+4}
 77742 | Vaults:3 | Reached skill level 16 in Armour
 77839 | Vaults:3 | Noticed a juggernaut
 77860 | Vaults:3 | Killed a juggernaut
 77861 | Vaults:3 | Reached skill level 17 in Armour
 77962 | Vaults:3 | Identified the ring "Ystrosaer" {Str+2 SInv}
 78054 | Vaults:3 | Identified a cursed ring of teleportation
 78102 | Vaults:3 | Identified the ring "Firox" {rPois rN+}
 78176 | Vaults:3 | Identified a cursed +5 ring of intelligence
 78394 | Vaults:3 | Reached skill level 23 in Fighting
 78652 | Vaults:3 | Identified a +1 pair of boots of running
 78664 | Vaults:3 | Identified the Compendium of Frigorific Enhancements
 78750 | Vaults:3 | Identified Lehudib's Volume of Battle Magic (Sif Muna
                  | gifted it to you on level 3 of the Vaults)
 78750 | Vaults:3 | Received a gift from Sif Muna
 78865 | Vaults:3 | Identified the +0 robe of Sloth {rPois MR+ Stlth+}
 78869 | Vaults:3 | Got a silver rune of Zot
 78875 | Vaults:3 | Identified the amulet "Woimait" {Inacc rPois rF+ Str+4}
 79035 | Vaults:3 | Identified an uncursed ring of resist corrosion
 79044 | Vaults:3 | Identified the +1 pair of gloves "Oxabboef" {rC- Regen+
                  | rCorr SInv}
 79261 | Vaults:3 | Identified The Second Course in Witchcraft
 79869 | Depths:3 | Killed Lelol's ghost
 79942 | Depths:3 | Identified 2 potions of invisibility
 79971 | Depths:3 | Identified the ring "Cial" {Fire rPois Str+5 Int+3 Dex-2}
 79975 | Depths:3 | Identified the Almanac of Attacks and Translocation
 80500 | Forest:3 | Identified the +7 morningstar "Mebeumm Weixt" {drain, +Inv
                  | rF+}
 80500 | Forest:3 | Identified the cursed +1 robe of the Six Jumping Ghosts
                  | {+Fly Int-3 Dex+6}
 80525 | Forest:3 | Reached skill level 24 in Fighting
 80594 | Forest:3 | Found the +6 staff of Battle {slice, MP+12}
 80600 | Forest:3 | Reached skill level 14 in Spellcasting
 80649 | Forest:3 | Identified the +3 hunting sling of Hepliaklqana's Esteem
                  | {freeze, *Slow +Inv rElec rF-} (You took it off a spriggan
                  | defender on level 3 of the Spriggan Forest)
 80868 | Forest:3 | Killed Bai Suzhen
 81123 | Forest:3 | Found a shimmering altar of Xom.
 81158 | Forest:3 | Identified a cursed amulet of inaccuracy
 82079 | Crypt:2  | Noticed Mara
 82090 | Crypt:2  | Killed Mara
 82425 | Crypt:2  | Noticed a curse skull
 82427 | Crypt:2  | Killed a curse skull
 82717 | Crypt:2  | Identified the ring of Bodweax {rN+ Str+2 Int+6 Dex-3}
 82739 | Crypt:2  | Identified Sif Muna's Incunabulum of Cankerous
                  | Translocation (Sif Muna gifted it to you on level 2 of the
                  | Crypt)
 82739 | Crypt:2  | Received a gift from Sif Muna
 82739 | Crypt:2  | Reached skill level 16 in Summonings
 82739 | Crypt:2  | Reached skill level 16 in Translocations
 82751 | Crypt:2  | Noticed an ancient lich
 82756 | Crypt:2  | Killed an ancient lich
 82806 | Crypt:2  | Identified an uncursed ring of insulation
 83133 | Crypt:2  | Noticed a curse skull
 83136 | Crypt:2  | Killed a curse skull
 83151 | Crypt:2  | Found a staircase to the Tomb.
 83172 | Crypt:2  | Identified the ring "Vurorum" {rPois rN+ MR- MP+9 Dex+6}
 83674 | Depths:5 | Learned a level 5 spell: Summon Mana Viper
 83676 | Zot:1    | Entered Level 1 of the Realm of Zot
 84021 | Zot:1    | Reached skill level 17 in Summonings
 84021 | Zot:1    | Reached skill level 17 in Translocations
 84023 | Zot:1    | Noticed a golden dragon
 84035 | Zot:1    | Killed a golden dragon
 84389 | Zot:1    | Noticed an electric golem
 84400 | Zot:1    | Killed an electric golem
 85956 | Orc      | Bought a potion of brilliance for 52 gold pieces
 85956 | Orc      | Bought a potion of brilliance for 52 gold pieces
 85956 | Orc      | Bought 2 potions of flight for 104 gold pieces
 85956 | Orc      | Bought a potion of curing for 32 gold pieces
 85956 | Orc      | Bought a potion of cancellation for 65 gold pieces
 85956 | Orc      | Bought 2 potions of curing for 65 gold pieces
 85956 | Orc      | Bought a potion of lignification for 39 gold pieces
 85956 | Orc      | Bought a potion of lignification for 39 gold pieces
 86053 | D:11     | Bought a scroll of summoning for 150 gold pieces
 86153 | Orc      | Bought a scroll of vulnerability for 262 gold pieces
 86339 | Vaults:1 | Bought a box of beasts for 340 gold pieces
 86654 | Zot:2    | Noticed a golden dragon
 86783 | Zot:2    | Killed a golden dragon
 86783 | Zot:2    | Identified Junned's Papyrus of Helpful Shape Shifting (Sif
                  | Muna gifted it to you on level 2 of the Realm of Zot)
 86783 | Zot:2    | Received a gift from Sif Muna
 86809 | Zot:2    | Noticed a curse toe
 86818 | Zot:2    | Killed a curse toe
 86923 | Zot:2    | Noticed a golden dragon
 86934 | Zot:2    | Killed a golden dragon
 87055 | Zot:2    | Reached skill level 25 in Fighting
 87158 | Zot:2    | Noticed a golden dragon
 87169 | Zot:2    | Killed a golden dragon
 87922 | Zot:3    | Noticed a curse toe
 87938 | Zot:3    | Killed a curse toe
 87942 | Zot:3    | Noticed an electric golem
 87993 | Zot:3    | Killed an electric golem
 88087 | Zot:3    | Noticed a golden dragon
 88098 | Zot:3    | Killed a golden dragon
 88108 | Zot:3    | Reached skill level 26 in Fighting
 88164 | Zot:3    | Noticed a golden dragon
 88175 | Zot:3    | Killed a golden dragon
 89341 | Zot:4    | Noticed a golden dragon
 89354 | Zot:4    | Killed a golden dragon
 89666 | Zot:4    | Reached skill level 27 in Fighting
 89958 | Zot:5    | Entered Level 5 of the Realm of Zot
 90105 | Zot:5    | Reached skill level 8 in Evocations
 90125 | Zot:5    | Reached skill level 9 in Evocations
 90228 | Zot:5    | Noticed a Killer Klown
 90242 | Zot:5    | Killed a Killer Klown
 91771 | Zot:5    | Noticed an electric golem
 91774 | Zot:5    | Reached skill level 10 in Evocations
 91787 | Zot:5    | Killed an electric golem
 91813 | Zot:5    | Noticed a Killer Klown
 91816 | Zot:5    | Killed a Killer Klown
 91820 | Zot:5    | Noticed an orb of fire
 91823 | Zot:5    | Gained mutation: Scrolls take you a little longer to read.
                  | [an orb of fire]
 91827 | Zot:5    | Noticed an ancient lich
 91829 | Zot:5    | Reached skill level 16 in Dodging
 91834 | Zot:5    | Killed an orb of fire
 91840 | Zot:5    | Killed an ancient lich
 91843 | Zot:5    | Noticed an ancient lich
 91847 | Zot:5    | Noticed an orb of fire
 91850 | Zot:5    | Noticed an orb of fire
 91852 | Zot:5    | Killed an ancient lich
 91853 | Zot:5    | Reached skill level 17 in Dodging
 91853 | Zot:5    | Noticed an electric golem
 91859 | Zot:5    | Gained mutation: You are weak. (Str -2) [an orb of fire]
 91872 | Zot:5    | Gained mutation: You tend to lose your temper in combat.
                  | [an orb of fire]
 91883 | Zot:5    | Killed an orb of fire
 91889 | Zot:5    | Killed an ancient lich
 91898 | Zot:5    | Killed an orb of fire
 91899 | Zot:5    | Reached skill level 18 in Dodging
 91908 | Zot:5    | Killed an electric golem
 91912 | Zot:5    | Noticed an ancient lich
 91918 | Zot:5    | Killed an ancient lich
 91964 | Zot:5    | Noticed an ancient lich
 91986 | Zot:5    | Killed an ancient lich
 92041 | Zot:5    | Reached skill level 19 in Dodging
 92129 | Zot:5    | Noticed an ancient lich
 92136 | Zot:5    | Killed an ancient lich
 92185 | Zot:5    | Noticed an ancient lich
 92217 | Zot:5    | Killed an ancient lich
 92607 | Zot:5    | Reached skill level 20 in Dodging
 92839 | Zot:5    | Noticed a Killer Klown
 92854 | Zot:5    | Killed a Killer Klown
 92874 | Zot:5    | Noticed an ancient lich
 92897 | Zot:5    | Noticed a Killer Klown
 92898 | Zot:5    | Killed an ancient lich
 92899 | Zot:5    | Reached skill level 21 in Dodging
 92911 | Zot:5    | Killed a Killer Klown
 93058 | Zot:5    | Got the Orb of Zot
 93150 | Zot:5    | You are cast into the Abyss!
 93150 | Zot:5    | Cast into level 1 of the Abyss (the power of Zot)
 93369 | Abyss:3  | Found a corrupted altar of Lugonu.
 93610 | Zot:5    | You pass through the gate.
 93610 | Zot:5    | Escaped the Abyss
 93654 | Zot:3    | Noticed a Brimstone Fiend
 93659 | Zot:3    | Killed a Brimstone Fiend
 94183 | D:1      | Noticed Mogh the pandemonium lord
 94333 | D:1      | Noticed Boam the pandemonium lord
 94338 | D:$      | Escaped with the Orb!

Vanquished Creatures
  the Royal Jelly (Slime:5)
  5 juggernauts
  8 ancient liches
  3 orbs of fire (Zot:5)
  9 golden dragons
  3 Killer Klowns
  Margery (Vaults:2)
  Bai Suzhen (Forest:3)
  Arachne (Spider:3)
  A curse toe (Zot:2)
  Frederick (Depths:4)
  6 caustic shrikes
  3 rockslimes
  4 electric golems
  An Orb Demon (Zot:5)
  A bone dragon (Crypt:2)
  A Brimstone Fiend (Zot:3)
  20 Orb Guardians
  14 tentacled monstrosities
  8 liches
  Asterion (Snake:3)
  A Hell Sentinel (Depths:5)
  Frances (D:10)
  8 wendigos
  A titan (Vaults:3)
  22 acid blobs
  8 quicksilver dragons
  Kirke (D:12)
  5 death cobs
  6 ancient champions (Crypt:2)
  5 sphinxes
  4 thorn hunters
  12 storm dragons
  A ghoul (Crypt:1)
  9 shadow dragons
  3 tengu reavers
  An apis (Forest:2)
  13 frost giants
  3 balrugs
  8 azure jellies
  6 draconian monks
  2 war gargoyles (Vaults:3)
  A draconian knight (Zot:3)
  14 nagarajas (Snake:3)
  6 ghost moths
  15 fire giants
  Aizul (Vaults:2)
  2 iron dragons
  A cacodemon (Depths:5)
  21 stone giants
  A deep elf sorcerer (Depths:3)
  5 emperor scorpions
  3 curse skulls
  6 spriggan defenders
  A caustic shrike zombie (Depths:4)
  12 vault wardens
  A draconian stormcaller (Zot:1)
  A draconian annihilator (Zot:4)
  The ghost of Bananafolds the Warrior, a journeyman MfSk of Makhleb (Lair:4)
  4 draconian shifters
  A draconian scorcher (Zot:4)
  2 eyes of devastation
  16 very ugly things
  4 green draconians
  4 jiangshi
  7 ironheart preservers
  Nessos (Orc)
  8 white draconians
  2 vampire knights
  7 black draconians
  4 red draconians
  3 dire elephants
  11 yellow draconians
  11 purple draconians
  A lorocyproca (Depths:2)
  4 entropy weavers
  22 ettins
  3 deep elf death magi
  The ghost of Bokken the Devastator, a journeyman AvCj of Vehumet (Lair:6)
  12 spark wasps
  9 fire dragons
  A quicksilver dragon zombie (Depths:4)
  Josephine (D:12)
  2 deep elf high priests
  8 yaktaur captains
  A quicksilver dragon skeleton (Crypt:1)
  9 spriggan air magi
  3 catoblepae
  10 rakshasas
  A caustic shrike simulacrum (Depths:3)
  8 hydras
  9 ice dragons
  23 vault guards
  4 shambling mangroves
  6 anacondas
  36 naga warriors
  Erica (D:11)
  8 great orbs of eyes
  4 shadow wraiths
  14 two-headed ogres
  7 ogre magi
  8 satyrs
  3 dancing weapons
  A death knight (Depths:4)
  7 death oozes (Slime:5)
  10 deep troll earth magi
  9 deep troll shamans
  30 death yaks
  9 orc high priests (Orc)
  The ghost of rychschax the Nimble, a journeyman FrVM of Sif Muna (D:11)
  4 ancient automatons
  23 naga sharpshooters
  13 spriggan berserkers
  4 vampire magi
  A thrashing horror (Abyss:1)
  20 spriggans
  9 shock serpents
  2 deep elf knights (Vaults:2)
  5 iron trolls
  2 sun demons (Depths:1)
  25 centaur warriors
  17 hell knights
  19 deep trolls
  A goliath frog (Lair:5)
  A spatial maelstrom (Abyss:3)
  A storm dragon skeleton (Crypt:2)
  17 skeletal warriors
  A spriggan druid (Forest:3)
  An unseen horror (shapeshifter) (Vaults:1)
  4 glowing orange brains
  An unseen horror (D:8)
  3 flayed ghosts
  A swamp dragon (shapeshifter) (Depths:3)
  An orange crystal statue (Spider:3)
  2 starcursed masses (Abyss:1)
  4 naga ritualists
  A cyclops (Vaults:1)
  10 wizards
  A wolf spider zombie (D:11)
  4 deep elf archers
  A torturous demonspawn (Depths:5)
  15 ironheart convokers
  A shadow dragon zombie (Depths:4)
  A lindwurm (shapeshifter) (Vaults:3)
  5 phantasmal warriors
  8 necromancers
  2 orc knights
  5 mana vipers
  An orc sorcerer (Orc)
  24 wolf spiders
  19 ugly things
  16 orb spiders
  An apocalypse crab (Abyss:3)
  An iron dragon zombie (Crypt:1)
  4 salamanders
  16 naga magi
  A shadow dragon skeleton (Crypt:2)
  9 shining eyes
  2 deep elf magi
  A manticore (Lair:4)
  6 oklob plants
  A moth of wrath (shapeshifter) (Depths:1)
  13 fauns
  A worldbinder (Abyss:3)
  26 moths of wrath
  24 black mambas
  16 elephants
  6 will-o'-wisps
  10 vault sentinels
  A shock serpent zombie (Crypt:1)
  A dire elephant zombie (Crypt:1)
  2 stone giant skeletons
  A torpor snail (shapeshifter) (Vaults:2)
  8 guardian serpents
  2 rust devils
  2 black mambas (shapeshifter) (Depths:4)
  22 cane toads
  A torpor snail (Spider:3)
  A jumping spider (shapeshifter) (Depths:2)
  A gargoyle (D:12)
  An orange demon (Depths:3)
  9 rime drakes
  16 jumping spiders
  A storm dragon simulacrum (Vaults:2)
  A kobold demonologist (D:12)
  4 komodo dragons
  A pale draconian zombie (Crypt:1)
  12 flying skulls
  A shock serpent skeleton (Crypt:2)
  A spriggan skeleton (Depths:4)
  11 demonic crawlers
  6 freezing wraiths
  An efreet (D:11)
  36 yaktaurs
  4 ice devils
  3 guardian mummies (Crypt:2)
  A tormentor (Zot:5)
  A yaktaur (shapeshifter) (Depths:1)
  2 dryads
  2 hellwings
  A queen bee (Lair:2)
  A harpy zombie (Crypt:1)
  An ancient zyme (Abyss:3)
  3 trolls
  2 tengu simulacra (Depths:3)
  A red devil (Depths:2)
  2 polar bears
  3 wolf spider simulacra (D:11)
  3 harpy skeletons
  3 tyrant leeches (Lair:6)
  26 hornets
  93 slime creatures
  20 dream sheep
  3 large abominations
  23 blink frogs
  2 meliai zombies
  A fire dragon zombie (Crypt:1)
  9 hippogriffs
  A stone giant simulacrum (Vaults:3)
  7 water elementals (Depths:3)
  28 tarantellas
  8 wraiths
  Sigmund (D:2)
  A vampire (D:11)
  2 ynoxinuls
  5 basilisks
  40 yaks
  6 steam dragons
  A black mamba skeleton (Crypt:1)
  4 hogs (D:12)
  6 golden eyes
  2 chaos spawn
  6 vampire mosquitoes (Lair:6)
  43 redbacks
  69 nagas
  3 spatial vortices (Abyss:3)
  10 crocodiles
  12 water moccasins
  8 wargs
  A crocodile (shapeshifter) (Vaults:2)
  An acid dragon (D:12)
  3 porcupines
  A floating eye (shapeshifter) (Depths:4)
  4 ice beasts
  A deep troll skeleton (Crypt:2)
  12 orc warriors
  A black bear (Lair:6)
  2 hornet zombies
  A meliai simulacrum (D:11)
  A black bear (shapeshifter) (D:10)
  3 necrophages
  5 boggarts (Vaults:2)
  A swamp dragon zombie (Crypt:1)
  4 phantoms
  4 sky beasts
  A wolf (shapeshifter) (Vaults:2)
  13 ogres
  12 wolves
  4 kobold brigands
  15 bullfrogs
  Blork the orc (D:6)
  A gnoll sergeant (D:11)
  A cane toad simulacrum (Crypt:1)
  9 centaurs
  A hornet simulacrum (D:11)
  5 scorpions
  22 killer bees (Lair:2)
  8 wights
  30 orc priests
  A wolf zombie (Crypt:2)
  5 electric eels
  5 crimson imps
  A bullfrog zombie (D:5)
  8 jellies
  4 hounds
  2 hounds (shapeshifter) (Vaults:3)
  An iron imp (Abyss:3)
  A gnoll shaman (D:4)
  Ijyb (D:3)
  A bullfrog skeleton (D:6)
  2 iguanas
  Jessica (D:2)
  14 orc wizards
  5 hell rats (Lair:5)
  A porcupine skeleton (D:6)
  16 worker ants
  2 hound skeletons
  A worker ant zombie (D:5)
  Robin (D:3)
  6 gnolls
  A scorpion zombie (Crypt:2)
  An adder (shapeshifter) (Depths:3)
  13 adders
  A howler monkey skeleton (D:4)
  4 shadow imps
  An ooze (shapeshifter) (Vaults:3)
  An ooze (D:2)
  2 adder zombies
  An oni zombie (Crypt:2)
  3 adder skeletons
  A halfling skeleton (Crypt:1)
  7 worms
  A dart slug (D:1)
  3 leopard geckos
  109 orcs
  2 bats (D:3)
  3 giant cockroaches
  17 goblins
  6 hobgoblins
  8 jackals
  2 quokkas
  2 ball pythons (Lair:4)
  5 frilled lizards
  A jackal skeleton (Crypt:2)
  8 kobolds
  A kobold skeleton (Crypt:1)
  A quokka zombie (Crypt:1)
  4 rats
  4 fungi
  31 plants
  11 withered plants (Crypt:1)
2228 creatures vanquished.

Vanquished Creatures (collateral kills)
  Mara (Crypt:2)
  An ancient lich (Zot:5)
  2 Killer Klowns (Zot:5)
  A golden dragon (Depths:5)
  The ghost of Lelol the Sorcerer, a veteran VSFE of Vehumet (Depths:3)
  A curse toe (Zot:3)
  4 caustic shrikes
  A rockslime (Zot:1)
  8 Orb Guardians
  4 wendigos
  2 tentacled monstrosities
  A quicksilver dragon (Zot:5)
  4 acid blobs (Slime:5)
  A death cob (Zot:4)
  A storm dragon (Vaults:3)
  A shadow dragon (Zot:5)
  A nagaraja (Snake:1)
  A draconian monk (Zot:3)
  3 draconian knights
  A fire giant (Depths:1)
  2 iron dragons
  An azure jelly (Slime:5)
  3 frost giants
  A curse skull (Crypt:2)
  2 ironheart preservers (Vaults:1)
  5 stone giants
  3 spriggan defenders
  A jiangshi (Crypt:2)
  A draconian annihilator (Zot:2)
  A draconian scorcher (Depths:5)
  4 very ugly things
  A vampire knight (Depths:3)
  A green draconian (Zot:5)
  5 purple draconians
  A yellow draconian (Depths:5)
  A black draconian (Zot:3)
  2 red draconians
  A white draconian (Zot:5)
  A blizzard demon (Depths:3)
  4 ettins
  A fire dragon (Depths:3)
  5 slime creatures
  A great orb of eyes (Depths:5)
  A naga warrior (Snake:3)
  A catoblepas (Depths:4)
  4 vault guards
  2 ice dragons
  2 anacondas
  2 spriggan air magi
  An ogre mage (Vaults:3)
  A death knight (Depths:4)
  A two-headed ogre (shapeshifter) (D:11)
  A two-headed ogre (D:12)
  A dancing weapon (Vaults:3)
  9 death yaks
  A deep troll earth mage (Vaults:2)
  A deep elf knight (D:12)
  A soul eater (Crypt:2)
  3 naga sharpshooters
  3 spriggan berserkers
  A centaur warrior (Vaults:1)
  4 deep trolls
  3 hell knights
  2 wizards (Depths:1)
  2 ironheart convokers
  3 wolf spiders
  2 phantasmal warriors
  A necromancer (Depths:4)
  A naga mage (Snake:1)
  2 mana vipers
  A deep elf mage (Vaults:3)
  2 salamanders
  2 fauns
  4 ugly things
  3 moths of wrath
  A will-o'-wisp (Forest:3)
  A vault sentinel (Vaults:1)
  4 black mambas
  A guardian serpent (Snake:3)
  A torpor snail (Spider:3)
  A jumping spider (shapeshifter) (Vaults:3)
  A demonic crawler (Spider:2)
  A rime drake (shapeshifter) (Vaults:2)
  3 yaktaurs
  An ice devil (Depths:3)
  A guardian mummy (Crypt:2)
  A shadow dragon simulacrum (Depths:3)
  5 hornets
  An iron dragon simulacrum (Depths:3)
  A goliath frog zombie (Crypt:2)
  2 harpy skeletons (D:11)
  A frost giant simulacrum (Vaults:2)
  A stone giant simulacrum (Depths:3)
  2 tarantellas
  3 spriggans
  A ynoxinul (Zot:5)
  A golden eye (Slime:1)
  A basilisk (D:11)
  4 redbacks
  A soldier ant (D:11)
  A sky beast (D:11)
  A necrophage (Crypt:1)
  2 ogres (Vaults:3)
  A fire crab zombie (Crypt:1)
  3 centaurs (D:11)
  A wight (D:12)
  5 orc priests (Orc)
  A hound (D:11)
  3 orc wizards (Orc)
  A worker ant (Spider:3)
  A worm (shapeshifter) (Vaults:3)
  9 orcs (Orc)
  A river rat skeleton (Crypt:2)
  A plant (Forest:1)
228 creatures vanquished.

Vanquished Creatures (others)
  43 eldritch tentacles
  A stone giant (Depths:3)
  2 yaktaur captains
  A satyr (Forest:3)
  A deep troll (Vaults:1)
  5 centaur warriors
  A hell knight (Depths:1)
  2 fauns
  3 moths of wrath (Zot:5)
  A salamander (Snake:1)
  A black mamba (Snake:3)
  6 yaktaurs
  A tarantella (Spider:2)
  A wraith (D:12)
  4 centaurs
  A killer bee (Lair:2)
  An orc wizard (D:7)
  A dwarf skeleton (Crypt:1)
  An orc (Orc)
  A bush (Lair:6)
  40 fungi
  133 plants
  A withered plant (Crypt:1)
252 creatures vanquished.

Grand Total: 2708 creatures vanquished

Table legend:
 A = Turns spent in this place as a percentage of turns spent in the entire game.
 B = Non-inter-level travel turns spent in this place as a percentage of non-inter-level travel turns spent in the entire game.
 C = Inter-level travel turns spent in this place as a percentage of turns spent in this place.
 D = Turns resting spent in this place as a percentage of non-inter-level travel turns spent in this place.
 E = Turns spent auto-exploring this place as a percentage of non-inter-level travel turns spent in this place.
 F = Non-inter-level travel turns spent in this place divided by the number of levels of this place that you've seen.
                   A       B       C       D       E      F
               +-------+-------+-------+-------+-------+----------------------
         Total | 100.0 | 100.0 |  17.3 |  14.2 |  42.4 | 1501.2
       Dungeon |  27.1 |  25.1 |  23.2 |  20.0 |  36.1 | 1632.9
        Temple |   0.1 |   0.2 |   6.7 |   0.0 |  98.4 | 125.0
          Lair |  14.4 |  13.5 |  22.3 |  19.9 |  37.4 | 1758.7
     Snake Pit |   8.7 |   9.3 |  11.5 |  14.5 |  29.6 | 2424.7
   Spider Nest |   5.5 |   5.8 |  12.9 |  22.7 |  38.5 | 1496.7
    Slime Pits |   3.8 |   4.1 |  10.4 |   2.4 |  65.2 | 643.0
  Orcish Mines |   1.5 |   1.5 |  20.9 |   5.9 |  59.1 | 1139.0
        Vaults |   6.9 |   6.8 |  18.0 |   7.7 |  45.4 | 1772.7
Spriggan Forest |   6.2 |   6.3 |  15.7 |   8.2 |  58.4 | 1636.0
         Crypt |   3.1 |   3.5 |   5.6 |  20.6 |  46.0 | 1359.5
        Depths |  15.1 |  15.5 |  15.1 |   8.6 |  48.9 | 2425.2
           Zot |   7.2 |   7.9 |   9.3 |   7.0 |  41.9 | 1228.0
         Abyss |   0.5 |   0.6 |   0.0 |   0.0 |  57.6 | 153.3
               +-------+-------+-------+-------+-------+----------------------

Table legend:
 A = Kills in this place as a percentage of kills in entire the game.
 B = Kills by you in this place as a percentage of kills by you in the entire game.
 C = Kills by friends in this place as a percentage of kills by friends in the entire game.
 D = Other kills in this place as a percentage of other kills in the entire game.
 E = Experience gained in this place as a percentage of experience gained in the entire game.
 F = Experience gained in this place divided by the number of levels of this place that you have seen.
                   A       B       C       D       E      F
               +-------+-------+-------+-------+-------+----------------------
         Total | 100.0 | 100.0 | 100.0 | 100.0 | 100.0 | 37498.8
       Dungeon |  17.1 |  17.9 |   5.9 |  31.5 |   3.2 | 5211.5
          Lair |  10.1 |  11.2 |   0.0 |   9.3 |   3.2 | 10400.8
     Snake Pit |   9.7 |  10.1 |   7.2 |   3.7 |   7.8 | 50709.7
   Spider Nest |   7.1 |   7.2 |   5.4 |  11.1 |   4.1 | 26460.7
    Slime Pits |   5.6 |   6.1 |   2.7 |   0.0 |   5.6 | 21760.0
  Orcish Mines |   3.5 |   3.1 |   7.7 |   1.9 |   0.8 | 14645.0
        Vaults |  12.0 |  11.7 |  14.0 |  16.7 |  14.2 | 92567.7
Spriggan Forest |   6.2 |   5.9 |   9.9 |   5.6 |   7.1 | 45973.3
         Crypt |   4.0 |   4.0 |   4.5 |   1.9 |   5.0 | 48614.5
        Depths |  15.8 |  14.7 |  26.1 |  18.5 |  24.7 | 96413.0
           Zot |   8.3 |   7.6 |  16.7 |   0.0 |  24.0 | 93596.6
         Abyss |   0.5 |   0.5 |   0.0 |   0.0 |   0.4 | 2380.0
               +-------+-------+-------+-------+-------+----------------------

Table legend:
 A = Non-vault XP
 B = Vault XP
 C = Vault XP percentage of total XP
 D = Non-vault monster count
 E = Vault monster count
 F = Vault count percentage of total count
                 A         B        C        D         E       F
            +---------+---------+-------+---------+---------+-------
      Total | 1009129 |  927536 |  47.9 |    1494 |     913 |  37.9
            +---------+---------+-------+---------+---------+-------
        D:1 |      15 |       0 |   0.0 |       8 |       0 |   0.0
        D:2 |      49 |     245 |  83.3 |      10 |       2 |  16.7
        D:3 |      84 |      93 |  52.5 |      25 |      23 |  47.9
        D:4 |     684 |       5 |   0.7 |      24 |       2 |   7.7
        D:5 |     742 |       0 |   0.0 |      25 |       0 |   0.0
        D:6 |    1239 |     336 |  21.3 |      26 |       3 |  10.3
        D:7 |    1429 |       0 |   0.0 |      20 |       0 |   0.0
        D:8 |    2446 |     158 |   6.1 |      26 |       1 |   3.7
        D:9 |    4494 |     499 |  10.0 |      28 |       7 |  20.0
       D:10 |    5045 |    6104 |  54.7 |      28 |      45 |  61.6
       D:11 |    9629 |    8976 |  48.2 |      50 |      17 |  25.4
       D:12 |    8685 |    9318 |  51.8 |      30 |      11 |  26.8
     Lair:1 |    2021 |       0 |   0.0 |       6 |       0 |   0.0
     Lair:2 |    1937 |    4155 |  68.2 |       9 |      33 |  78.6
     Lair:3 |    4539 |       0 |   0.0 |      20 |       0 |   0.0
     Lair:4 |    9059 |    6355 |  41.2 |      33 |      26 |  44.1
     Lair:5 |   13004 |    1431 |   9.9 |      42 |       3 |   6.7
     Lair:6 |    5721 |   14183 |  71.3 |      23 |      50 |  68.5
    Snake:1 |   22497 |    9772 |  30.3 |      40 |      18 |  31.0
    Snake:2 |   20780 |       0 |   0.0 |      40 |       0 |   0.0
    Snake:3 |   20163 |   78917 |  79.6 |      36 |     101 |  73.7
   Spider:1 |   16510 |       0 |   0.0 |      36 |       0 |   0.0
   Spider:2 |   13740 |       0 |   0.0 |      39 |       0 |   0.0
   Spider:3 |   13298 |   35834 |  72.9 |      34 |      63 |  64.9
    Slime:1 |   12494 |       0 |   0.0 |      21 |       0 |   0.0
    Slime:2 |    9698 |       0 |   0.0 |      14 |       0 |   0.0
    Slime:3 |   24907 |       0 |   0.0 |      37 |       0 |   0.0
    Slime:4 |   10057 |       0 |   0.0 |      27 |       0 |   0.0
    Slime:5 |   20233 |   31411 |  60.8 |      24 |      13 |  35.1
        Orc |    1569 |   13076 |  89.3 |      22 |      63 |  74.1
   Vaults:1 |   28392 |   21677 |  43.3 |      40 |      30 |  42.9
   Vaults:2 |   26811 |   47277 |  63.8 |      39 |      58 |  59.8
   Vaults:3 |   30351 |  123195 |  80.2 |      36 |      88 |  71.0
   Forest:1 |   31869 |       0 |   0.0 |      43 |       0 |   0.0
   Forest:2 |   47988 |       0 |   0.0 |      58 |       0 |   0.0
   Forest:3 |   23982 |   34081 |  58.7 |      32 |      18 |  36.0
    Crypt:1 |   17145 |   12019 |  41.2 |      33 |      13 |  28.3
    Crypt:2 |   19641 |   48424 |  71.1 |      27 |      23 |  46.0
   Depths:1 |   39424 |   28116 |  41.6 |      45 |      27 |  37.5
   Depths:2 |   50239 |   11472 |  18.6 |      55 |      11 |  16.7
   Depths:3 |   35809 |  114516 |  76.2 |      49 |      68 |  58.1
   Depths:4 |   76316 |   40415 |  34.6 |      54 |      25 |  31.6
   Depths:5 |   54108 |   24716 |  31.4 |      26 |      18 |  40.9
      Zot:1 |   61034 |       0 |   0.0 |      34 |       0 |   0.0
      Zot:2 |   49359 |   14503 |  22.7 |      23 |       8 |  25.8
      Zot:3 |   68451 |       0 |   0.0 |      40 |       0 |   0.0
      Zot:4 |   37496 |       0 |   0.0 |      19 |       0 |   0.0
      Zot:5 |   46806 |  186257 |  79.9 |      27 |      45 |  62.5
    Abyss:1 |    2212 |       0 |   0.0 |       3 |       0 |   0.0
    Abyss:3 |    4928 |       0 |   0.0 |       8 |       0 |   0.0
            +---------+---------+-------+---------+---------+-------
